 Dungeon Crawl Stone Soup version 0.31.0-11-ge490571c62 (webtiles) character file.

Game seed: 10111152076692285146

1048645 bearlyready the Heavyweight Champion (level 27, -6/431 (461) HPs)
             Began as a Troll Shapeshifter on Feb 10, 2024.
             Was the Champion of Jiyva.
             Mangled by an ancient champion
             ... wielding a +1 battleaxe of draining
              (7 damage)
             ... on level 2 of the Iron City of Dis on Feb 11, 2024.
             The game lasted 02:23:07 (58934 turns).

bearlyready the Heavyweight Champion (TrSh)        Turns: 58934, Time: 02:23:08

HP:   -6/431 (461)  AC: 33    Str: 38    XL:     27
MP:   0/42          EV: 22    Int: -1 (4) God:    Jiyva [******]
Gold: 8228          SH:  0    Dex: 24    Spells: 40/40 levels left

rFire   + +          +
                       - Unarmed
rCold   + . .        (no shield)
rNeg    + . .        m - melded +6 pearl dragon scales "Qeramp" {rC+ rN+}
rPois   ∞            (helmet restricted)
rElec   +            r - +2 cloak
rCorr   +            (gloves unavailable)
SInv    .            (boots unavailable)
Will    ++...        q - amulet of guardian spirit
Stlth   ++           E - ring "Vabaenic" {MP+9 Slay+4}
HPRegen 3.31/turn    H - ring "Gygog" {rF+ rC+ Dex+7}
MPRegen 1.08/turn

%: guardian spirit
@: brilliant, statue-form, hasted and slowed, lost intelligence, studying 2
skills, drained, unable to read, corroded, very slow
A: slow and powerful, torment resistance 1, boosted hp, large, unfitting armour,
claws 3, regeneration 1, (shaggy fur 2), (tough skin 1), antennae 2, hooves 2,
agile 2, fire resistance 2, sense surroundings 2, robust 1, eyeballs 1,
(gelatinous body 3), evolution 2, MP-powered wands, engulf
}: 12/15 runes: decaying, serpentine, slimy, silver, obsidian, bone, abyssal,
demonic, glowing, magical, fiery, dark
a: Begin Untransformation, Renounce Religion, Oozemancy, Slimify


You were on level 2 of the Iron City of Dis.
You worshipped Jiyva.
Jiyva was exalted by your worship.
You were a living statue of rough stone.
You visited 16 branches of the dungeon, and saw 70 of its levels.
You visited Pandemonium 2 times, and saw 18 of its levels.
You visited the Abyss 2 times.
You visited 1 bazaar.
You also visited: Ice Cave and Volcano.

You collected 10767 gold pieces.
You spent 2539 gold pieces at shops.

Inventory:

Missiles
 j - 9 javelins
 M - 166 large rocks
 P - 19 boomerangs (quivered)
 W - 2 throwing nets
Armour
 m - the +6 pearl dragon scales "Qeramp" (melded) {rC+ rN+}
   (You found it on level 5 of the Pits of Slime)

   rC+:       It protects you from cold.
   rN+:       It protects you from negative energy.
 r - a +2 cloak (worn)
 L - a +1 kite shield of reflection
 O - a +2 hat of willpower
 S - a scarf of harm
Jewellery
 q - an amulet of guardian spirit (around neck)
 E - the ring "Vabaenic" (left claw) {MP+9 Slay+4}
   (You found it on level 15 of the Dungeon)

   [ring of slaying]

   Slay+4:    It affects your accuracy & damage with ranged weapons and melee
   (+4).
   MP+9:      It affects your magic capacity (+9).
 H - the ring "Gygog" (right claw) {rF+ rC+ Dex+7}
   (You found it on level 1 of the Swamp)

   [ring of protection from cold]

   Dex+7:     It affects your dexterity (+7).
   rF+:       It protects you from fire.
   rC+:       It protects you from cold.
Talismans
 b - a maw talisman
 c - a beast talisman
 d - a flux talisman
 u - a granite talisman (active)
 G - a talisman of death
 I - a serpent talisman
 J - a blade talisman
 U - a storm talisman
 X - a dragon-blood talisman
Wands
 n - a wand of digging (6)
 p - a wand of mindburst (39)
 v - a wand of flame (68)
 y - a wand of charming (56)
 C - a wand of polymorph (36)
 T - a wand of iceblast (20)
 Y - a wand of light (14)
Scrolls
 h - 7 scrolls of silence
 i - 6 scrolls of revelation
 l - 9 scrolls of blinking
 N - 11 scrolls of fear
 Q - 2 scrolls of fog
 V - 9 scrolls of teleportation
Potions
 a - 2 potions of resistance
 g - 3 potions of berserk rage
 k - a potion of invisibility
 o - 3 potions of haste
 s - 9 potions of curing
 t - 6 potions of might
 w - 2 potions of heal wounds
 x - 5 potions of cancellation
 z - 4 potions of brilliance
 B - 4 potions of lignification
 D - 3 potions of magic
 F - 9 potions of enlightenment
 R - 18 potions of ambrosia
 Z - 11 potions of mutation
Miscellaneous
 e - a phantom mirror (inert)
 f - the horn of Geryon
 K - a tin of tremorstones (2/2)


   Skills:
 O Level 27 Fighting
 - Level 4.0 Throwing
 + Level 14.5 Armour
 + Level 15.5 Dodging
 O Level 27 Unarmed Combat
 + Level 7.4 Spellcasting
 - Level 7.0 Evocations
 O Level 27 Shapeshifting


You had 40 spell levels left.
You didn't know any spells.
Your spell library contained the following spells:

 Spells                   Type           Power      Damage    Failure   Level
 Apportation              Tloc           0%         N/A       34%         1
 Freeze                   Ice            0%         1d3       34%         1
 Magic Dart               Conj           0%         1d3       34%         1
 Necrotise                Necr           0%         1d4       34%         1
 Shock                    Conj/Air       0%         1d3       34%         1
 Slow                     Hex            0%         N/A       34%         1
 Sting                    Conj/Alch      0%         1d3       34%         1
 Summon Small Mammal      Summ           0%         N/A       34%         1
 Blink                    Tloc           0%         N/A       47%         2
 Call Imp                 Summ           0%         N/A       47%         2
 Cigotuvi's Dreadful Rot  Necr/Alch/Air  0%         N/A       47%         2
 Ensorcelled Hibernation  Hex/Ice        0%         N/A       47%         2
 Jinxbite                 Hex            0%         N/A       47%         2
 Lesser Beckoning         Tloc           0%         N/A       47%         2
 Mercury Vapours          Alch/Air       0%         N/A       47%         2
 Momentum Strike          Conj/Tloc      0%         3d8       47%         2
 Scorch                   Fire           0%         2d5       47%         2
 Static Discharge         Conj/Air       0%         3-3/arc   47%         2
 Call Canine Familiar     Summ           0%         N/A       71%         3
 Confusing Touch          Hex            0%         N/A       71%         3
 Dazzling Flash           Conj/Hex       0%         N/A       71%         3
 Frozen Ramparts          Ice            0%         1d1       71%         3
 Fugue of the Fallen      Necr           0%         N/A       71%         3
 Hailstorm                Conj/Ice       0%         3d5       71%         3
 Inner Flame              Hex/Fire       0%         N/A       71%         3
 Mephitic Cloud           Conj/Alch/Air  0%         N/A       71%         3
 Passwall                 Erth           0%         N/A       71%         3
 Sigil of Binding         Hex            0%         N/A       71%         3
 Summon Ice Beast         Ice/Summ       0%         N/A       71%         3
 Swiftness                Air            0%         N/A       71%         3
 Tukima's Dance           Hex            0%         N/A       71%         3
 Vampiric Draining        Necr           0%         2d6       71%         3
 Airstrike                Air            0%         2d(0-16)  98%         4
 Anguish                  Hex/Necr       0%         N/A       98%         4
 Animate Dead             Necr           0%         N/A       98%         4
 Cause Fear               Hex            0%         N/A       98%         4
 Dimensional Bullseye     Hex/Tloc       0%         N/A       98%         4
 Dispel Undead            Necr           0%         3d6       98%         4
 Flame Wave               Conj/Fire      0%         2d4       98%         4
 Ignite Poison            Fire/Alch      0%         N/A       98%         4
 Iskenderun's Mystic Bla  Conj/Tloc      0%         2d3       98%         4
 Leda's Liquefaction      Alch/Erth      0%         N/A       98%         4
 Martyr's Knell           Necr/Summ      0%         N/A       98%         4
 Olgreb's Toxic Radiance  Alch           0%         N/A       98%         4
 Passage of Golubria      Tloc           0%         N/A       98%         4
 Petrify                  Alch/Erth      0%         N/A       98%         4
 Sticky Flame             Fire/Alch      0%         2d4       98%         4
 Summon Blazeheart Golem  Fire/Summ      0%         N/A       98%         4
 Summon Lightning Spire   Summ/Air       0%         N/A       98%         4
 Alistair's Intoxication  Alch           0%         N/A       100%        5
 Borgnjor's Vile Clutch   Necr/Erth      0%         N/A       100%        5
 Curse of Agony           Necr           0%         N/A       100%        5
 Lee's Rapid Deconstruct  Erth           0%         3d4*      100%        5
 Metabolic Englaciation   Hex/Ice        0%         N/A       100%        5
 Silence                  Hex/Air        0%         N/A       100%        5
 Bombard                  Conj/Erth      0%         9d1       100%        6
 Death Channel            Necr           0%         N/A       100%        6
 Eringya's Noxious Bog    Alch           0%         4d6       100%        6
 Sculpt Simulacrum        Ice/Alch       0%         N/A       100%        6
 Summon Cactus Giant      Summ           0%         N/A       100%        6
 Enfeeble                 Hex            0%         N/A       100%        7
 Haunt                    Necr/Summ      0%         N/A       100%        7
 Ozocubu's Refrigeration  Ice            0%         4d7       100%        7
 Discord                  Hex            0%         N/A       100%        8
 Ignition                 Fire           0%         3d3       100%        8
 Lehudib's Crystal Spear  Conj/Erth      0%         10d2      100%        8
 Chain Lightning          Conj/Air       0%         N/A       100%        9
 Polar Vortex             Ice            0%         N/A       100%        9
 Sublimation of Blood     Necr           Unusable   N/A       N/A         2

Dungeon Overview and Level Annotations

Branches:
Dungeon (15/15)            Temple (0/1) D:7            Lair (5/5) D:9
  Swamp (4/4) Lair:3        Snake (4/4) Lair:2        Slime (5/5) Lair:5
    Orc (2/2) D:11            Elf (3/3) Orc:2        Vaults (5/5) D:13
  Crypt (3/3) Vaults:3       Tomb (1/3) Crypt:3      Depths (4/4) D:15
   Hell (visited)             Dis (2/7) Hell            Geh (7/7) Hell
    Coc (1/7) Hell            Tar (7/7) Hell            Zot (0/5) Depths:4
  IceCv (visited)         Volcano (visited)

Altars:
Cheibriados
Dithmenos
Gozag
Hepliaklqana
Kikubaaqudgha
Qazlal
Trog
Vehumet
Jiyva

Shops:
D:4 :   D:5 !   Orc:2 [=(*   Elf:1 (=::   Snake:1 (   Snake:4 (   Vaults:5 ![
Depths:2 *   Depths:3 *

Portals:
Hell: Depths:1 Depths:2 Depths:3 Depths:4
Abyss: Depths:1 Depths:3
Pandemonium: Depths:1 Depths:2
Ziggurat: Depths:3
Trove: D:12 (give 8 potions of haste)

Annotations:
D:15 2 transporters
Lair:2 3 runed translucent doors, unrecovered's ghost, journeyman AtBe
Snake:2 Vashnia
Snake:3 1 runed translucent door
Slime:5 Royal Jelly
Elf:2 3 runed translucent doors


Innate Abilities, Weirdness & Mutations

You are a living statue of rough stone.
Your actions are slow, but your melee attacks are powerful.
You are resistant to unholy torment.
Your maximum health is greatly increased.
Your equipment is partially melded.
You are too large for most types of armour.
You are immune to poison.
You have claws for hands.
Your natural rate of healing is unusually fast.
((You are covered in thick fur. (AC +2)))
((You have tough skin. (AC +1)))
You have a pair of antennae on your head.
You have hoof-like feet.
You are very agile. (Dex +8, Str/Int -2)
Your flesh is very heat resistant. (rF++)
You passively map the area around you.
You are robust. (+10% HP)
Your body has grown eyes which may confuse attackers. (Acc +3)
((Your gelatinous body deflects attacks. (AC +3, EV +3)))
You have great hidden genetic potential.
You expend magic power (3 MP) to strengthen your wands.
Your melee attacks may engulf your foes in ooze.


Message History

The Hell Sentinel misses you. The Hell Sentinel hits you!
* * * LOW HITPOINT WARNING * * *
The iron giant gestures at you while chanting.
The iron shot hits you!!!
* * * LOW HITPOINT WARNING * * *
The crystal echidna bites you but does no damage.
The ancient champion completely misses you.
The crystal echidna bites you but does no damage.
The crystal echidna misses you.
You feel much better.
The ancient champion hits you with a +3 heavy great sword!!
* * * LOW HITPOINT WARNING * * *
The ancient champion hits you but does no damage.
The crystal echidna bites you but does no damage.
The crystal echidna misses you. The crystal echidna closely misses you.
The Hell Sentinel hits you.
* * * LOW HITPOINT WARNING * * *
The Hell Sentinel barely misses you.
The iron giant hits you with a +0 giant club!!
* * * LOW HITPOINT WARNING * * *
You cannot read scrolls in your current state!
Aiming: Phantom Mirror
Press: ? - help, Dir - move target, f - iron giant
Aim: an iron giant, wielding a +0 giant club (lightly wounded)
You reflect the iron giant with the mirror!
The mirror clouds!
The ancient champion hits you with a +3 heavy great sword!!
* * * LOW HITPOINT WARNING * * *
The crystal echidna bites you!
* * * LOW HITPOINT WARNING * * *
The crystal echidna barely misses you.
Your iron giant hits the crystal echidna with a +0 giant club!!
The crystal echidna bites your iron giant!
The Hell Sentinel completely misses you.
The Hell Sentinel hits you but does no damage.
The iron giant points at you and mumbles some strange words.
The iron shot misses you.
The iron shot hits the crystal echidna!!!
The ancient champion hits you with a +1 battleaxe of draining!
You die...

* *~* *, ~ *,,*
.... ..,.≈,..§. *
* .... #. .# ....
..8.... .≈..8..
.....#§#§#..... *
...........
≈#§#.......#≈#§ *
** ...§..zr1......
,#.9z8...# , , *
,...≈..rCr......,,
* .#.#...C...#≈#≈
, ,..........., ~,
, §....#≈#≈#.§..§
, , , ~..8...z
§≈.§8.§ ,, * *§...
#. §# ...§ , , * *
.... ..,.§ .... ,
* ~ * ,


You could see an iron golem, an iron giant, a Hell Sentinel, 3 ancient
champions, 3 crystal echidnas and a friendly iron giant (summoned, drained).

Vanquished Creatures
  Cerebov (Pan)
  Asmodeus (Geh:7)
  Ereshkigal (Tar:7)
  Ignacio (Pan)
  Mnoleg (Pan)
  Gloorx Vloq (Pan)
  Lom Lobon (Pan)
  5 dread liches
  4 ancient liches
  Mara (Depths:3)
  13 pandemonium lords (Pan)
  4 royal mummies (Tomb:1)
  Sojobo (Vaults:2)
  Xtahua (Vaults:4)
  Boris (twice) (Vaults:2 Vaults:3)
  Margery (Vaults:3)
  Geryon (Hell)
  2 caustic shrikes (Depths:3)
  7 profane servitors
  Nikola (Swamp:3)
  3 golden dragons (Depths:4)
  20 bone dragons
  20 Tzitzimimeh
  7 doom hounds
  11 Brimstone Fiends
  the Enchantress (Depths:3)
  6 Ice Fiends (Pan)
  Mlioglotl (Snake:3)
  2 spectral shard shrikes
  6 tentacled monstrosities
  Rupert (D:13)
  11 hellephants
  18 Hell Sentinels
  17 tainted leviathans
  A walking earthen tome (Depths:2)
  2 walking frostbound tomes (Depths:2)
  2 deep elf master archers (Elf:3)
  A quicksilver dragon (Vaults:4)
  9 liches
  4 titans
  14 sphinxes
  3 deep elf blademasters (Elf:3)
  An eldritch tentacle (Pan)
  15 searing wretches
  A tentacled starspawn (Abyss:3)
  23 Executioners
  6 ancient champions
  The ghost of Himmaryad the Brawler, an adept TrMo of Nemelex Xobeh (Depths:2)
  Kirke (Swamp:1)
  Aizul (Snake:4)
  12 tengu reavers
  7 shadow dragons
  4 nagarajas
  6 revenants
  A nargun (Coc:1)
  9 demonspawn warmongers (Pan)
  4 protean progenitors (Pan)
  A daeva (Pan)
  A storm dragon (Vaults:5)
  2 fenstrider witches (Pan)
  25 fire giants
  11 deep elf sorcerers
  An iron dragon (Depths:2)
  20 vault wardens
  38 balrugs
  2 spectral juggernauts
  18 frost giants
  A caustic shrike zombie (Tomb:1)
  5 ghost moths (Pan)
  11 ghouls
  2 juggernaut skeletons (Pan)
  2 draconian stormcallers (Depths:4)
  23 cacodemons
  8 deep elf elementalists (Elf:3)
  11 demonspawn blood saints (Pan)
  3 orc warlords
  3 curse skulls
  14 demonspawn corrupters (Pan)
  26 very ugly things
  5 caustic shrike skeletons
  The ghost of FoolsGold the Toxicologist, a journeyman MfIE of Qazlal (Lair:4)
  19 stone giants
  2 draconian annihilators (Pan)
  2 eleionomae
  18 ironbound preservers
  5 ironbound thunderhulks
  11 vampire knights
  5 spriggan defenders
  36 reapers
  15 lorocyprocas (Pan)
  13 deep elf death magi
  27 putrid mouths
  A dire elephant (Vaults:3)
  16 demonspawn black suns (Pan)
  2 black draconians (Depths:4)
  2 elemental wellsprings (Coc:2)
  6 deep elf annihilators (Elf:3)
  A purple draconian (Depths:4)
  10 war gargoyles
  The ghost of brilapsti the Grappler, a journeyman TrFi of Wu Jian (D:11)
  8 deep elf demonologists
  A yellow draconian (Depths:4)
  19 blizzard demons
  5 bunyips
  A red draconian (Depths:4)
  5 spark wasps
  A wendigo (Coc:1)
  10 eidola
  Snorg (D:13)
  2 jiangshi (Crypt:2)
  An iron golem (Hell)
  3 shambling mangroves
  9 mummy priests (Tomb:1)
  A crystal guardian (Vaults:1)
  13 green deaths (Pan)
  4 entropy weavers
  Josephine (Lair:5)
  12 ettins
  2 spectral quicksilver dragons
  10 yaktaur captains
  11 deep elf high priests
  5 spectral spriggans
  13 fire dragons
  An entropy weaver (shapeshifter) (D:15)
  A spriggan zombie (Crypt:1)
  2 juggernaut simulacra
  A caustic shrike simulacrum (Coc:1)
  2 peacekeepers
  12 ice dragons
  4 rakshasas
  8 hydras
  48 vault guards
  2 jorogumos (Pan)
  5 stokers
  8 ironbound frosthearts
  10 two-headed ogres
  15 salamander tyrants
  6 hell beasts
  6 spriggan air magi
  7 ghost crabs
  2 catoblepae (D:15)
  4 ogre magi
  9 anacondas
  6 death knights
  5 alligators
  12 centaur warriors
  13 dancing weapons
  42 hell hogs
  5 deep troll shamans
  15 demonic crawlers (Pan)
  A sphinx skeleton (Crypt:1)
  7 boulder beetles
  An Orb Guardian skeleton (Crypt:2)
  16 naga warriors
  7 death yaks
  2 occultists
  4 orc high priests
  A titan zombie (Vaults:4)
  4 death scarabs (Tomb:1)
  22 naga sharpshooters
  4 tengu warriors
  3 vampire magi (Crypt:2)
  7 deep troll earth magi
  15 hell knights
  7 shock serpents
  2 spectral dire elephants
  6 spriggan berserkers
  Urug (D:10)
  Nergalle (Lair:1)
  14 deep elf knights
  31 soul eaters
  84 sun demons
  The ghost of ojifijod the Martial Artist, a novice OpFi of Okawaru (D:10)
  14 shadow wraiths
  7 iron trolls
  A skyshark (shapeshifter) (Depths:4)
  26 sixfirhies (Pan)
  A hellephant skeleton (Pan)
  A wretched star (Abyss:3)
  25 skeletal warriors
  A spectral catoblepas (Tar:1)
  6 salamander mystics
  A spatial maelstrom (Abyss:5)
  20 flayed ghosts
  5 goliath frogs
  A storm dragon skeleton (Crypt:1)
  An anaconda zombie (Hell)
  2 spectral anacondas
  3 skysharks
  2 deep trolls (shapeshifter) (Vaults:4)
  8 mana vipers
  5 spriggan druids
  A cherub (Pan)
  23 shadow demons (Pan)
  A bunyip zombie (Crypt:1)
  A spectral iron dragon (Tar:1)
  4 starcursed masses (Abyss:5)
  3 quicksilver dragon simulacra (Coc:2)
  4 sun moths (Pan)
  6 swamp dragons
  6 arcanists
  36 large abominations
  44 deep trolls
  16 ironbound convokers
  8 bunyip skeletons
  An iron dragon zombie (Crypt:2)
  A tengu zombie (Vaults:4)
  12 deep elf archers
  8 bog bodies
  18 phantasmal warriors
  7 lindwurms
  24 deep elf zephyrmancers
  3 naga ritualists
  3 anaconda skeletons
  10 necromancers
  An eleionoma zombie (Crypt:2)
  17 ugly things
  8 manticores
  A shadow dragon skeleton (Crypt:3)
  14 orc knights
  9 orc sorcerers
  2 wolf spiders
  29 deep elf pyromancers
  7 cyclopes
  7 rust devils
  8 salamanders
  A will-o-the-wisp (Swamp:4)
  An iron dragon skeleton (Depths:3)
  A frost giant skeleton (Crypt:1)
  20 naga magi
  A jorogumo skeleton (Crypt:1)
  24 black mambas
  2 titan simulacra
  5 guardian serpents
  26 cane toads
  2 ice statues (IceCv)
  8 molten gargoyles (Geh:7)
  5 kobold blastminers
  2 torpor snails
  An orc skeleton (Crypt:1)
  3 unseen horrors
  A dire elephant skeleton (Crypt:3)
  7 gargoyles
  A death yak zombie (Crypt:2)
  22 vault sentinels
  18 orange demons (Pan)
  3 kobold demonologists
  47 smoke demons
  24 hellions
  A rime drake (Lair:5)
  12 komodo dragons
  2 centaur skeletons
  26 yaktaurs
  3 sea snake zombies
  23 tormentors
  9 tengu conjurers
  2 spectral nagas
  2 anaconda simulacra
  4 efreet
  10 guardian mummies
  2 ancient zymes
  8 ice devils
  A silent spectre (Tar:1)
  A golden dragon simulacrum (Coc:2)
  14 freezing wraiths
  A spectral harpy (Tar:1)
  9 trolls
  A hydra zombie (Hell)
  2 tyrant leeches (Swamp:2)
  A queen bee (Lair:2)
  16 hellwings (Pan)
  20 hornets
  9 red devils
  6 polar bears
  7 raiju (Abyss:5)
  2 hydra skeletons
  Grinder (D:3)
  An alligator simulacrum (Coc:2)
  11 blink frogs
  4 harpy skeletons
  A raiju (shapeshifter) (Depths:3)
  2 iron dragon simulacra (Coc:1)
  A jumping spider zombie (Crypt:2)
  A draconian simulacrum (Coc:2)
  A stone giant simulacrum (Coc:1)
  4 culicivoras (Pan)
  An ettin skeleton (Crypt:3)
  15 water elementals
  17 spriggans
  A vampire (D:13)
  32 ynoxinuls
  A fire dragon skeleton (Crypt:3)
  5 hogs (Swamp:1)
  5 shadows
  6 dire elephant simulacra
  15 humans (D:13)
  9 ushabtiu
  21 wraiths
  50 yaks
  6 fire elementals
  6 basilisks
  15 wyverns
  21 neqoxecs (Pan)
  A fire bat (shapeshifter) (D:15)
  6 wargs
  5 redbacks
  A steam dragon (D:10)
  7 vampire mosquitoes
  5 swamp worm simulacra (Swamp:4)
  41 chaos spawn
  22 small abominations
  A yaktaur simulacrum (Vaults:4)
  Menkaure (D:5)
  4 spatial vortices (Abyss:5)
  43 nagas
  5 harpy simulacra
  19 swamp worms
  5 hell hounds (Hell)
  5 acid dragons
  27 water moccasins
  19 hydra simulacra
  25 orc warriors
  A hornet zombie (Swamp:3)
  3 black bears
  2 glowing shapeshifter skeletons
  A swamp drake (Lair:5)
  22 laughing skulls
  4 sky beasts
  The ghost of javelincjr the Ruffian, an amateur MiSh (D:4)
  3 ogres
  A tengu (shapeshifter) (D:13)
  27 wolves
  12 centaurs
  8 boggarts
  A torpor snail zombie (Crypt:1)
  A phantom (D:5)
  A manticore skeleton (Crypt:2)
  4 kobold brigands
  Blork the orc (D:6)
  2 weeping skulls (Abyss:5)
  6 brain worms (Pan)
  10 bullfrogs
  2 earth elementals
  3 necrophages
  A rime drake skeleton (Crypt:1)
  2 scorpions
  2 cane toad simulacra (IceCv)
  A human skeleton (Vaults:4)
  15 wights
  27 killer bees
  An elephant simulacrum (IceCv)
  2 electric eels (Lair:1)
  3 spriggan skeletons
  4 howler monkeys
  A troll skeleton (Volcano)
  2 hounds
  15 orc priests
  2 sleepcaps
  6 iguanas
  26 orc wizards
  20 hell rats
  A polar bear simulacrum (IceCv)
  3 troll simulacra (D:11)
  2 spriggan simulacra
  2 naga skeletons (Volcano)
  11 mummies
  3 adders
  8 gnolls
  A naga simulacrum (IceCv)
  2 shadow imps (Tar:7)
  5 white imps
  An ufetubus (Abyss:3)
  3 swamp drake simulacra (Swamp:4)
  4 dart slugs
  2 ribbon worms
  63 orcs
  A bat (D:1)
  4 endoplasms (D:1)
  3 giant cockroaches
  10 goblins
  8 hobgoblins
  11 jackals
  30 kobolds
  3 quokkas
  8 ball pythons
  A dart slug zombie (Crypt:2)
  5 frilled lizards
  A quokka skeleton (Crypt:1)
  2 rats
  A ball lightning (Pan)
  5 creeping infernos
  19 fire vortices
3214 creatures vanquished.

Vanquished Creatures (collateral kills)
  An ironbound preserver (Vaults:4)
  An ironbound frostheart (Vaults:2)
  A deep troll (Vaults:2)
  An unseen horror (D:12)
  A wyvern (Lair:2)
5 creatures vanquished.

Vanquished Creatures (others)
  An eldritch tentacle (Pan)
  A fenstrider witch (Pan)
  A demonspawn blood saint (Pan)
  An ironbound preserver (Vaults:4)
  2 formless jellyfish
  6 great orbs of eyes
  An entropy weaver (Vaults:4)
  An ice dragon (Swamp:4)
  An ogre mage (Vaults:4)
  2 centaur warriors
  An ironbound frostheart (Vaults:2)
  A naga warrior (Snake:4)
  A hell hog (Hell)
  A deep elf knight (Elf:2)
  A skyshark (shapeshifter) (Vaults:5)
  Sonja (Orc:2)
  An iron troll (Depths:3)
  A death drake (shapeshifter) (Depths:4)
  6 glowing orange brains
  4 deep trolls
  A deep elf archer (Elf:1)
  A goliath frog (shapeshifter) (Vaults:5)
  A necromancer (Depths:3)
  A bog body (Swamp:3)
  A manticore (D:13)
  2 shining eyes (Abyss:5)
  An orc sorcerer (Pan)
  A torpor snail (shapeshifter) (Vaults:5)
  An eye of devastation (shapeshifter) (Depths:3)
  A vault sentinel (Vaults:4)
  5 smoke demons (Pan)
  4 eyes of devastation
  9 glass eyes
  A yaktaur (Vaults:4)
  A troll (shapeshifter) (Vaults:5)
  5 bloated husks
  A hellwing (Pan)
  A raiju (Abyss:5)
  A jumping spider (Vaults:4)
  23 slime creatures
  A centaur simulacrum (Coc:1)
  A jumping spider (shapeshifter) (Depths:3)
  9 small abominations (Abyss:5)
  A shadow (D:9)
  A basilisk (D:13)
  7 golden eyes
  2 humans (D:13)
  A redback (Vaults:2)
  3 chaos spawn (Pan)
  2 neqoxecs (Pan)
  5 spatial vortices (Abyss:5)
  A vampire mosquito (Swamp:1)
  A harpy simulacrum (Coc:2)
  A swamp worm (shapeshifter) (Depths:4)
  A swamp worm (Swamp:4)
  A water moccasin (Lair:4)
  2 laughing skulls (Abyss:5)
  A boggart (D:15)
  2 spriggan simulacra
  A centaur (D:8)
  3 weeping skulls
  A bullfrog (Lair:2)
  458 jellies
  2 orc priests
  An orc wizard (D:5)
  A hell rat (Lair:3)
  A steam dragon zombie (Crypt:2)
  An adder (D:3)
  A white imp (Abyss:3)
  6 orcs
  5 endoplasms
  A goblin (D:7)
  A hobgoblin (D:2)
  2 jackals (D:2)
  2 kobolds (D:7)
  A frilled lizard (D:2)
  8 ball lightnings (Pan)
  4 creeping infernos
  A fire vortex (Pan)
  4 foxfires (Swamp:4)
645 creatures vanquished.

Grand Total: 3864 creatures vanquished

Notes
Turn   | Place    | Note
-------+----------+-------------------------------------------
     0 | D:1      | bearlyready the Troll Shapeshifter began the quest for the
                  | Orb.
     0 | D:1      | Reached XP level 1. HP: 18/18 MP: 0/0
   120 | D:1      | Reached XP level 2. HP: 26/26 MP: 1/1
   409 | D:1      | Reached XP level 3. HP: 32/32 MP: 2/2
   500 | D:1      | Found a faded altar of an unknown god.
   556 | D:1      | Prayed at the altar of an unknown god.
   556 | D:1      | Became a worshipper of Jiyva Josugh the Shapeless
   556 | D:1      | Reached * piety under Jiyva
   703 | D:2      | Found a stormy altar of Qazlal.
   726 | D:2      | Reached skill level 1 in Fighting
   907 | D:2      | Reached ** piety under Jiyva
  1358 | D:3      | Reached XP level 4. HP: 41/41 MP: 3/3
  1421 | D:3      | Noticed Grinder
  1430 | D:3      | Paralysed by Grinder for 2 turns
  1441 | D:3      | Paralysed by Grinder for 2 turns
  1451 | D:3      | Killed Grinder
  1452 | D:3      | Reached XP level 5. HP: 50/50 MP: 4/4
  1478 | D:3      | Reached *** piety under Jiyva
  1482 | D:3      | Gained mutation: You have a small jelly attached to you
                  | that senses nearby items. [Jiyva's grace]
  1482 | D:3      | Gained mutation: You are covered in slimy tendrils that may
                  | disarm your opponents. [Jiyva's grace]
  1482 | D:3      | Gained mutation: You have an increased reservoir of magic.
                  | (+10% MP) [Jiyva's grace]
  1482 | D:3      | Gained mutation: You have a considerably increased
                  | reservoir of magic. (+20% MP) [Jiyva's grace]
  1502 | D:3      | Reached XP level 6. HP: 58/59 MP: 6/6
  1511 | D:3      | Noticed a water moccasin
  1517 | D:3      | Killed a water moccasin
  1518 | D:3      | Reached skill level 5 in Unarmed Combat
  2203 | D:4      | Found a transporter.
  2203 | D:4      | Found a transporter.
  2203 | D:4      | Noticed javelincjr's ghost (amateur MiSh)
  2320 | D:4      | Reached skill level 5 in Shapeshifting
  2462 | D:4      | Reached **** piety under Jiyva
  2680 | D:4      | Found Zizaz's Book Emporium.
  2996 | D:5      | Entered Level 5 of the Dungeon
  3042 | D:5      | Found Boosigen's Distillery.
  3093 | D:5      | Bought a potion of curing for 45 gold pieces
  3141 | D:5      | Reached XP level 7. HP: 63/67 MP: 7/7
  3231 | D:5      | Lost mutation: You have a considerably increased reservoir
                  | of magic. (+20% MP) [Jiyva's grace]
  3231 | D:5      | Gained mutation: You passively map a small area around you.
                  | [Jiyva's grace]
  3231 | D:5      | Gained mutation: You passively map the area around you.
                  | [Jiyva's grace]
  3231 | D:5      | Gained mutation: You passively map a large area around you.
                  | [Jiyva's grace]
  3231 | D:5      | Gained mutation: Your muscles are strong. (Str +4, Int/Dex
                  | -1) [Jiyva's grace]
  3295 | D:5      | Noticed Menkaure
  3300 | D:5      | Killed Menkaure
  3352 | D:5      | Reached ***** piety under Jiyva
  3360 | D:5      | Reached XP level 8. HP: 75/75 MP: 7/7
  3408 | D:5      | Found a snail-covered altar of Cheibriados.
  3426 | D:5      | Found a stormy altar of Qazlal.
  3799 | D:6      | Noticed Blork the orc
  3807 | D:6      | Killed Blork the orc
  4293 | D:7      | Reached XP level 9. HP: 78/80 MP: 8/8
  4465 | D:7      | Found a staircase to the Ecumenical Temple.
  4475 | D:7      | Lost mutation: You passively map a large area around you.
                  | [Jiyva's grace]
  4475 | D:7      | Lost mutation: You are covered in slimy tendrils that may
                  | disarm your opponents. [Jiyva's grace]
  4475 | D:7      | Gained mutation: You have a small jelly attached to you
                  | that may absorb projectiles. [Jiyva's grace]
  4475 | D:7      | Gained mutation: You are partially covered in iridescent
                  | scales. (AC +2) [Jiyva's grace]
  4475 | D:7      | Gained mutation: You are mostly covered in iridescent
                  | scales. (AC +4) [Jiyva's grace]
  4475 | D:7      | Gained mutation: You are completely covered in iridescent
                  | scales. (AC +6) [Jiyva's grace]
  4518 | D:7      | Reached ****** piety under Jiyva
  5067 | D:8      | Found a radiant altar of Vehumet.
  5630 | D:9      | Noticed a kobold demonologist
  5634 | D:9      | Killed a kobold demonologist
  5661 | D:9      | Found a staircase to the Lair.
  5853 | D:9      | Reached skill level 10 in Unarmed Combat
  5904 | D:9      | Lost mutation: You are completely covered in iridescent
                  | scales. (AC +6) [Jiyva's grace]
  5904 | D:9      | Lost mutation: You have an increased reservoir of magic.
                  | (+10% MP) [Jiyva's grace]
  5904 | D:9      | Gained mutation: You are covered in thick fur. (AC +2)
                  | [Jiyva's grace]
  5904 | D:9      | Gained mutation: Your thick and shaggy fur keeps you warm.
                  | (AC +3, rC+) [Jiyva's grace]
  5904 | D:9      | Gained mutation: You are completely covered in iridescent
                  | scales. (AC +6) [Jiyva's grace]
  5904 | D:9      | Gained mutation: You are covered in slimy tendrils that may
                  | disarm your opponents. [Jiyva's grace]
  6027 | D:9      | Noticed a troll
  6033 | D:9      | Killed a troll
  6039 | D:9      | Reached XP level 10. HP: 82/91 MP: 9/9
  6239 | D:10     | Entered Level 10 of the Dungeon
  6248 | D:10     | Found a hazy altar of Hepliaklqana.
  6268 | D:10     | Noticed ojifijod's ghost (novice OpFi)
  6269 | D:10     | Found a runed translucent gate.
  6269 | D:10     | Found a runed translucent gate.
  6269 | D:10     | Found a runed translucent gate.
  6269 | D:10     | Noticed a cyan ugly thing
  6285 | D:10     | Noticed Urug
  6293 | D:10     | Killed Urug
  6321 | D:10     | Reached skill level 10 in Shapeshifting
  6897 | D:11     | Found a staircase to the Orcish Mines.
  6924 | D:11     | Reached XP level 11. HP: 63/97 MP: 10/10
  6937 | D:11     | Identified the +6 sling of the Hand {flame, rC+ rN++}
  6965 | D:11     | Found a runed translucent door.
  6965 | D:11     | Noticed brilapsti's ghost (journeyman TrFi)
  7275 | D:11     | Found a frozen archway.
  7297 | D:11     | Noticed a skeletal warrior
  7298 | IceCv    | Entered an ice cave
  7480 | IceCv    | Reached skill level 1 in Throwing
  7484 | IceCv    | Reached skill level 1 in Evocations
  7573 | IceCv    | Noticed a reaper
  7579 | IceCv    | Killed a reaper
  7678 | D:11     | Noticed a skeletal warrior
  7689 | D:11     | Killed a skeletal warrior
  7703 | D:11     | Killed a skeletal warrior
  7709 | D:11     | Noticed a skeletal warrior
  7726 | D:11     | Killed a skeletal warrior
  8173 | D:11     | Killed brilapsti's ghost
  8174 | D:11     | Reached XP level 12. HP: 95/109 MP: 8/11
  8309 | D:12     | Lost mutation: You passively map the area around you.
                  | [Jiyva's grace]
  8309 | D:12     | Lost mutation: Your thick and shaggy fur keeps you warm.
                  | (AC +3, rC+) [Jiyva's grace]
  8309 | D:12     | Gained mutation: Your muscles are very strong. (Str +8,
                  | Int/Dex -2) [Jiyva's grace]
  8309 | D:12     | Gained mutation: You have a pair of small horns on your
                  | head. [Jiyva's grace]
  8309 | D:12     | Gained mutation: You have a pair of horns on your head.
                  | [Jiyva's grace]
  8309 | D:12     | Gained mutation: You have a pair of large horns on your
                  | head. [Jiyva's grace]
  8322 | D:12     | Found a portal to a secret trove of treasure.
  8372 | D:12     | Noticed a boulder beetle
  8381 | D:12     | Killed a boulder beetle
  8667 | D:12     | Reached skill level 5 in Fighting
  8954 | D:13     | Noticed a centaur warrior
  8983 | D:13     | Killed a centaur warrior
  9010 | D:13     | Noticed Rupert
  9017 | D:13     | Killed Rupert
  9045 | D:13     | Noticed Snorg
  9058 | D:13     | Killed Snorg
  9143 | D:13     | Noticed a two-headed ogre
  9147 | D:13     | Killed a two-headed ogre
  9183 | D:13     | Noticed a two-headed ogre
  9188 | D:13     | Killed a two-headed ogre
  9499 | D:13     | Reached skill level 1 in Armour
  9499 | D:13     | Reached XP level 13. HP: 114/120 MP: 12/12
  9572 | D:13     | Found a gate to the Vaults.
  9940 | Orc:1    | Entered Level 1 of the Orcish Mines
 10019 | Orc:1    | Noticed an orc warlord
 10048 | Orc:1    | Killed an orc warlord
 10316 | Orc:2    | Entered Level 2 of the Orcish Mines
 10360 | Orc:2    | Noticed an orc warlord
 10372 | Orc:2    | Killed an orc warlord
 10647 | Orc:2    | Found a staircase to the Elven Halls.
 10660 | Orc:2    | Lost mutation: You have a pair of large horns on your head.
                  | [Jiyva's grace]
 10660 | Orc:2    | Lost mutation: You are completely covered in iridescent
                  | scales. (AC +6) [Jiyva's grace]
 10660 | Orc:2    | Lost mutation: Your muscles are very strong. (Str +8,
                  | Int/Dex -2) [Jiyva's grace]
 10660 | Orc:2    | Gained mutation: You have hidden genetic potential.
                  | [Jiyva's grace]
 10660 | Orc:2    | Gained mutation: You have great hidden genetic potential.
                  | [Jiyva's grace]
 10660 | Orc:2    | Gained mutation: Your system is resistant to poisons.
                  | (rPois) [Jiyva's grace]
 10660 | Orc:2    | Gained mutation: You have sharp toenails. [Jiyva's grace]
 10758 | Orc:2    | Killed Sonja
 10865 | Orc:2    | Found Deref's Assorted Antiques.
 10905 | Orc:2    | Reached skill level 15 in Unarmed Combat
 10905 | Orc:2    | Found Jotwim's Weapon Shop.
 11032 | Orc:2    | Reached XP level 14. HP: 58/135 MP: 8/13
 11059 | Orc:2    | Found Pemah Tura's Armour Emporium.
 11060 | Orc:2    | Found Suyxkuuk's Jewellery Shop.
 11333 | Lair:1   | Entered Level 1 of the Lair of Beasts
 11374 | Lair:1   | Reached skill level 5 in Armour
 11377 | Lair:1   | Noticed Nergalle
 11388 | Lair:1   | Killed Nergalle
 12045 | Lair:2   | Found a runed translucent gate.
 12069 | Lair:2   | Found a runed translucent gate.
 12069 | Lair:2   | Noticed unrecovered's ghost (journeyman AtBe)
 12070 | Lair:2   | Found a runed translucent gate.
 12149 | Lair:2   | Found a dark tunnel.
 12155 | Volcano  | Entered a volcano
 12276 | Volcano  | Gained mutation: You have supernaturally acute eyesight.
                  | (SInv) [hidden potential]
 12612 | Lair:2   | Lost mutation: You have supernaturally acute eyesight.
                  | (SInv) [Jiyva's grace]
 12612 | Lair:2   | Lost mutation: Your system is resistant to poisons. (rPois)
                  | [Jiyva's grace]
 12612 | Lair:2   | Lost mutation: You are covered in thick fur. (AC +2)
                  | [Jiyva's grace]
 12612 | Lair:2   | Lost mutation: Your muscles are strong. (Str +4, Int/Dex
                  | -1) [Jiyva's grace]
 12612 | Lair:2   | Gained mutation: You are resistant to electric shocks.
                  | (rElec) [Jiyva's grace]
 12612 | Lair:2   | Gained mutation: You have acidic saliva. [Jiyva's grace]
 12612 | Lair:2   | Gained mutation: You are agile. (Dex +4, Str/Int -1)
                  | [Jiyva's grace]
 12612 | Lair:2   | Gained mutation: You are very agile. (Dex +8, Str/Int -2)
                  | [Jiyva's grace]
 13190 | Lair:2   | Reached skill level 15 in Shapeshifting
 13409 | Lair:2   | Found a staircase to the Snake Pit.
 13681 | Lair:3   | Found a staircase to the Swamp.
 13913 | Lair:3   | Reached XP level 15. HP: 132/132 MP: 14/14
 14338 | Lair:4   | Noticed FoolsGold's ghost (journeyman MfIE)
 14342 | Lair:4   | Found a runed translucent door.
 14490 | Lair:4   | Lost mutation: You passively map a small area around you.
                  | [Jiyva's grace]
 14490 | Lair:4   | Lost mutation: You have a small jelly attached to you that
                  | senses nearby items. [Jiyva's grace]
 14490 | Lair:4   | Lost mutation: You have a small jelly attached to you that
                  | may absorb projectiles. [Jiyva's grace]
 14490 | Lair:4   | Gained mutation: Your rubbery body absorbs attacks. (AC +1,
                  | EV +1) [Jiyva's grace]
 14490 | Lair:4   | Gained mutation: Your pliable body absorbs attacks. (AC +2,
                  | EV +2) [Jiyva's grace]
 14490 | Lair:4   | Gained mutation: Your gelatinous body deflects attacks. (AC
                  | +3, EV +3) [Jiyva's grace]
 14490 | Lair:4   | Gained mutation: You have razor-sharp toenails. [Jiyva's
                  | grace]
 14934 | Lair:4   | Killed FoolsGold's ghost
 14994 | Lair:5   | Entered Level 5 of the Lair of Beasts
 15016 | Lair:5   | Reached skill level 10 in Fighting
 15019 | Lair:5   | Noticed Josephine
 15026 | Lair:5   | HP: 5/149 [poisoned by a black mamba]
 15170 | Lair:5   | Gained mutation: You are completely covered in iridescent
                  | scales. (AC +6) [hidden potential]
 15170 | Lair:5   | Lost mutation: You have great hidden genetic potential.
                  | [hidden potential expressed]
 15198 | Lair:5   | Killed Josephine
 15397 | Lair:5   | Paralysed by a hornet for 1 turns
 15688 | Lair:5   | Found a staircase to the Slime Pits.
 15689 | Lair:5   | Found a viscous altar of Jiyva.
 16307 | Slime:1  | Entered Level 1 of the Pits of Slime
 16307 | Slime:1  | Noticed a rockslime
 16321 | Slime:3  | Noticed a rockslime
 16353 | Slime:3  | Noticed an acid blob
 16365 | Slime:4  | Noticed an acid blob
 16365 | Slime:4  | Noticed an acid blob
 16367 | Slime:4  | Noticed a rockslime
 16377 | Slime:4  | Noticed an acid blob
 16381 | Slime:4  | Noticed an azure jelly
 16389 | Slime:5  | Entered Level 5 of the Pits of Slime
 16403 | Slime:5  | Noticed an acid blob
 16404 | Slime:5  | Noticed the Royal Jelly
 16413 | Slime:5  | Noticed an acid blob
 16413 | Slime:5  | Noticed an acid blob
 16417 | Slime:5  | Noticed a rockslime
 16418 | Slime:5  | Identified the +6 pearl dragon scales "Qeramp" {rC+ rN+}
 16419 | Slime:5  | Noticed an acid blob
 16421 | Slime:5  | Identified the ring "Jouble" {^Contam +Blink rElec MP+9
                  | AC+4}
 16429 | Slime:5  | Found a viscous altar of Jiyva.
 16431 | Slime:5  | Noticed an acid blob
 16432 | Slime:5  | Got a starry gem with 477 turns to spare
 16434 | Slime:5  | Got a slimy rune of Zot
 16441 | Slime:5  | Identified the ring of the Magpie {rF+ Int+4}
 16445 | Slime:5  | Found the +10 Black Knight's barding {ponderous, rPois rN+}
 16465 | Slime:5  | Identified the +0 halberd "Kenis" {freeze, rElec rF- Str+2
                  | Int+4}
 16475 | Slime:5  | Noticed an acid blob
 16478 | Slime:5  | Noticed an acid blob
 16579 | Slime:5  | Noticed an acid blob
 16659 | Slime:5  | Noticed a rockslime
 16678 | Slime:5  | Noticed an acid blob
 16690 | Slime:5  | Noticed a rockslime
 16705 | Slime:4  | Noticed an acid blob
 16705 | Slime:4  | Noticed an azure jelly
 16705 | Slime:4  | Noticed an acid blob
 16705 | Slime:4  | Noticed an acid blob
 16757 | Slime:3  | Noticed an azure jelly
 16845 | Slime:5  | Noticed an acid blob
 16857 | Slime:5  | Noticed a rockslime
 16866 | Slime:5  | Noticed a rockslime
 16903 | Slime:2  | Noticed an acid blob
 16907 | Slime:1  | Noticed a rockslime
 17209 | D:14     | Lost mutation: You have a pair of horns on your head.
                  | [Jiyva's grace]
 17209 | D:14     | Lost mutation: You have a pair of small horns on your head.
                  | [Jiyva's grace]
 17209 | D:14     | Lost mutation: You are completely covered in iridescent
                  | scales. (AC +6) [Jiyva's grace]
 17209 | D:14     | Lost mutation: You are very agile. (Dex +8, Str/Int -2)
                  | [Jiyva's grace]
 17209 | D:14     | Lost mutation: Your gelatinous body deflects attacks. (AC
                  | +3, EV +3) [Jiyva's grace]
 17209 | D:14     | Lost mutation: Your pliable body absorbs attacks. (AC +2,
                  | EV +2) [Jiyva's grace]
 17209 | D:14     | Lost mutation: You are covered in slimy tendrils that may
                  | disarm your opponents. [Jiyva's grace]
 17209 | D:14     | Lost mutation: You have hidden genetic potential. [Jiyva's
                  | grace]
 17209 | D:14     | Gained mutation: You are somewhat resistant to further
                  | mutation. [Jiyva's grace]
 17209 | D:14     | Gained mutation: You are somewhat resistant to both further
                  | mutation and mutation removal. [Jiyva's grace]
 17209 | D:14     | Gained mutation: You are almost entirely resistant to
                  | further mutation and mutation removal. [Jiyva's grace]
 17209 | D:14     | Gained mutation: You are covered in slimy tendrils that may
                  | disarm your opponents. [Jiyva's grace]
 17676 | D:15     | Entered Level 15 of the Dungeon
 17705 | D:15     | Found a snail-covered altar of Cheibriados.
 17801 | D:15     | Noticed a tengu reaver
 17820 | D:15     | Killed a tengu reaver
 17876 | D:15     | Reached XP level 16. HP: 162/162 MP: 15/15
 17893 | D:15     | Identified the ring of Adwoull {rPois rF- rN+ Dex+6}
 17950 | D:15     | Found a shadowy altar of Dithmenos.
 18131 | D:15     | Identified the ring "Sol Mifufixa" {Fire rN++}
 18261 | D:15     | Found a transporter.
 18368 | D:15     | Found a staircase to the Depths.
 18441 | D:15     | Found a transporter.
 18484 | D:15     | Found a bloodstained altar of Trog.
 18574 | D:15     | Identified the ring "Vabaenic" {MP+9 Slay+4}
 18767 | D:10     | Killed ojifijod's ghost
 18945 | D:4      | Killed javelincjr's ghost
 19152 | Swamp:1  | Entered Level 1 of the Swamp
 19182 | Swamp:1  | Noticed Kirke
 19472 | Swamp:1  | Killed Kirke
 19513 | Swamp:1  | Lost mutation: You are agile. (Dex +4, Str/Int -1) [Jiyva's
                  | grace]
 19513 | Swamp:1  | Gained mutation: Your mind is acute. (Int +4, Str/Dex -1)
                  | [Jiyva's grace]
 19513 | Swamp:1  | Gained mutation: Your mind is very acute. (Int +8, Str/Dex
                  | -2) [Jiyva's grace]
 19513 | Swamp:1  | Lost mutation: You have razor-sharp toenails. [Jiyva's
                  | grace]
 19513 | Swamp:1  | Lost mutation: You have sharp toenails. [Jiyva's grace]
 19513 | Swamp:1  | Gained mutation: You have large cloven feet. [Jiyva's
                  | grace]
 19513 | Swamp:1  | Gained mutation: You have hoof-like feet. [Jiyva's grace]
 20727 | Swamp:3  | Reached XP level 17. HP: 113/172 MP: 16/16
 20843 | Swamp:3  | Found an opulent altar of Gozag.
 21128 | Swamp:3  | Found an ancient bone altar of Kikubaaqudgha.
 21128 | Swamp:3  | Noticed Nikola
 21144 | Swamp:3  | Killed Nikola
 21154 | Swamp:3  | Got the Codex of the Crypt
 21402 | Swamp:4  | Entered Level 4 of the Swamp
 21557 | Swamp:4  | Lost mutation: Your mind is very acute. (Int +8, Str/Dex
                  | -2) [Jiyva's grace]
 21557 | Swamp:4  | Gained mutation: Armour fits poorly on your pseudopods.
                  | [Jiyva's grace]
 21557 | Swamp:4  | Gained mutation: Armour fits poorly on your large
                  | pseudopods. [Jiyva's grace]
 21557 | Swamp:4  | Gained mutation: Armour fits poorly on your massive
                  | pseudopods. [Jiyva's grace]
 21557 | Swamp:4  | Gained mutation: Your muscles are strong. (Str +4, Int/Dex
                  | -1) [Jiyva's grace]
 21770 | Swamp:4  | Got a decaying rune of Zot
 22220 | Swamp:1  | Identified the ring "Gygog" {rF+ rC+ Dex+7}
 22315 | Snake:1  | Entered Level 1 of the Snake Pit
 22450 | Snake:1  | Identified a scroll of acquirement
 22450 | Snake:1  | Acquired a manual of Dodging
 22550 | Snake:1  | You fall into a shaft and drop 1 floor!
 22895 | Snake:1  | Found Abruotir's Weapon Emporium.
 23130 | Snake:1  | Reached skill level 5 in Dodging
 23332 | Snake:1  | Lost mutation: You are almost entirely resistant to further
                  | mutation and mutation removal. [Jiyva's grace]
 23332 | Snake:1  | Lost mutation: Armour fits poorly on your massive
                  | pseudopods. [Jiyva's grace]
 23332 | Snake:1  | Gained mutation: Your flesh is heat resistant. (rF+)
                  | [Jiyva's grace]
 23332 | Snake:1  | Gained mutation: Your flesh is very heat resistant. (rF++)
                  | [Jiyva's grace]
 23332 | Snake:1  | Gained mutation: Your flesh is almost immune to the effects
                  | of heat. (rF+++) [Jiyva's grace]
 23332 | Snake:1  | Gained mutation: You are robust. (+10% HP) [Jiyva's grace]
 23774 | Snake:2  | Noticed Vashnia
 23790 | Snake:2  | HP: 6/193 [Vashnia/bolt (20)]
 23792 | Snake:2  | You fall into a shaft and drop 1 floor!
 23867 | Snake:3  | Noticed Mlioglotl
 23877 | Snake:3  | Killed Mlioglotl
 23954 | Snake:3  | Found a runed translucent door.
 24101 | Snake:3  | Reached XP level 18. HP: 200/203 MP: 17/17
 25307 | Snake:4  | Entered Level 4 of the Snake Pit
 25358 | Snake:4  | Lost mutation: Your mind is acute. (Int +4, Str/Dex -1)
                  | [Jiyva's grace]
 25358 | Snake:4  | Lost mutation: Your flesh is almost immune to the effects
                  | of heat. (rF+++) [Jiyva's grace]
 25358 | Snake:4  | Lost mutation: Your flesh is very heat resistant. (rF++)
                  | [Jiyva's grace]
 25358 | Snake:4  | Lost mutation: You are robust. (+10% HP) [Jiyva's grace]
 25358 | Snake:4  | Lost mutation: Your rubbery body absorbs attacks. (AC +1,
                  | EV +1) [Jiyva's grace]
 25358 | Snake:4  | Lost mutation: Armour fits poorly on your large pseudopods.
                  | [Jiyva's grace]
 25358 | Snake:4  | Gained mutation: You have a small jelly attached to you
                  | that senses nearby items. [Jiyva's grace]
 25358 | Snake:4  | Gained mutation: Your body has grown eyes which may confuse
                  | attackers. (Acc +3) [Jiyva's grace]
 25358 | Snake:4  | Gained mutation: Your body has grown many eyes which may
                  | confuse attackers. (Acc +5) [Jiyva's grace]
 25358 | Snake:4  | Gained mutation: Your body is covered in eyes which may
                  | confuse attackers. (Acc +7, SInv) [Jiyva's grace]
 25692 | Snake:4  | Found Juguzoga's Weapon Boutique.
 25782 | Snake:4  | Identified the serpent talisman of the Black Moon {Str-5
                  | Int+4 Stlth+}
 25782 | Snake:4  | Noticed Aizul
 25804 | Snake:4  | Killed Aizul
 26352 | Snake:4  | Got a serpentine rune of Zot
 26694 | Elf:1    | Entered Level 1 of the Elven Halls
 27402 | Elf:1    | Found Susos's Jewellery Shoppe.
 27402 | Elf:1    | Found Siem's Book Shop.
 27403 | Elf:1    | Found Xobbegul's Book Shop.
 27588 | Elf:1    | Found Xoppuror's Antique Weapon Shoppe.
 27736 | Elf:2    | Lost mutation: You are mostly covered in iridescent scales.
                  | (AC +4) [Jiyva's grace]
 27736 | Elf:2    | Lost mutation: Armour fits poorly on your pseudopods.
                  | [Jiyva's grace]
 27736 | Elf:2    | Lost mutation: You are covered in slimy tendrils that may
                  | disarm your opponents. [Jiyva's grace]
 27736 | Elf:2    | Gained mutation: You have a pair of small antennae on your
                  | head. [Jiyva's grace]
 27736 | Elf:2    | Gained mutation: You have a pair of antennae on your head.
                  | [Jiyva's grace]
 27736 | Elf:2    | Gained mutation: You have a pair of large antennae on your
                  | head. (SInv) [Jiyva's grace]
 27736 | Elf:2    | Gained mutation: Your rubbery body absorbs attacks. (AC +1,
                  | EV +1) [Jiyva's grace]
 27862 | Elf:2    | Found a runed translucent gate.
 27863 | Elf:2    | Found a runed translucent gate.
 27863 | Elf:2    | Found a runed translucent gate.
 27996 | Elf:2    | Reached XP level 19. HP: 172/193 MP: 18/18
 28237 | Elf:3    | Entered Level 3 of the Elven Halls
 28754 | Elf:3    | Noticed a Brimstone Fiend
 28789 | Elf:3    | Identified the +4 mace of the Harvest {flame, *Noise Fly
                  | MP+9 Int+8}
 28806 | Elf:3    | Identified the +1 robe "Toeron" {MP+9}
 28915 | Elf:3    | Identified the +9 long sword "Imoehoapp" {antimagic, rCorr}
 28935 | Abyss:2  | Cast into level 2 of the Abyss (a deep elf demonologist)
 28956 | Abyss:3  | Noticed a bone dragon
 28966 | Abyss:3  | Killed a bone dragon
 29155 | Abyss:4  | Paralysed by accursed screaming for 1 turns
 29157 | Abyss:5  | Found a corrupted altar of Lugonu.
 29174 | Abyss:5  | Noticed a dread lich
 29187 | Abyss:5  | Killed a dread lich
 29190 | Elf:3    | Escaped the Abyss
 29200 | Elf:3    | Identified the ring "Yjaxah" {rC+ rN+ Int+4}
 29225 | Abyss:5  | Found a corrupted altar of Lugonu.
 29225 | Abyss:5  | Found a corrupted altar of Lugonu.
 29225 | Abyss:5  | Cast into level 5 of the Abyss (a deep elf sorcerer)
 29280 | Abyss:5  | Noticed a bone dragon
 29288 | Abyss:5  | Lost mutation: You have a pair of large antennae on your
                  | head. (SInv) [Jiyva's grace]
 29288 | Abyss:5  | Lost mutation: You have a pair of antennae on your head.
                  | [Jiyva's grace]
 29288 | Abyss:5  | Lost mutation: You have a pair of small antennae on your
                  | head. [Jiyva's grace]
 29288 | Abyss:5  | Lost mutation: You have hoof-like feet. [Jiyva's grace]
 29288 | Abyss:5  | Lost mutation: Your body is covered in eyes which may
                  | confuse attackers. (Acc +7, SInv) [Jiyva's grace]
 29288 | Abyss:5  | Lost mutation: Your rubbery body absorbs attacks. (AC +1,
                  | EV +1) [Jiyva's grace]
 29288 | Abyss:5  | Gained mutation: Your system is resistant to poisons.
                  | (rPois) [Jiyva's grace]
 29288 | Abyss:5  | Lost mutation: You have large cloven feet. [Jiyva's grace]
 29288 | Abyss:5  | Gained mutation: You have sharp toenails. [Jiyva's grace]
 29288 | Abyss:5  | Gained mutation: You have razor-sharp toenails. [Jiyva's
                  | grace]
 29288 | Abyss:5  | Gained mutation: You have claws for feet. [Jiyva's grace]
 29296 | Abyss:5  | Found a corrupted altar of Lugonu.
 29305 | Abyss:5  | Got an abyssal rune of Zot
 29316 | Abyss:5  | Killed a bone dragon
 29394 | Abyss:5  | Noticed a bone dragon
 29407 | Elf:3    | Escaped the Abyss
 29408 | Elf:3    | Killed a bone dragon
 29518 | Elf:3    | Identified the +12 halberd of Blushing Certain Death
                  | {flame, rF+}
 29518 | Elf:3    | Identified the +2 robe of Lethargy {rElec Dex+3}
 29598 | Elf:3    | Reached XP level 20. HP: 144/206 MP: 19/19
 29638 | Elf:3    | Identified the ring "Vacvaq" {*Slow rPois Int+4 Slay+4
                  | Stlth+}
 29671 | Elf:3    | Identified the +5 falchion of Calculation {heavy, ^Contam
                  | rN++ Str+5}
 29788 | Elf:3    | Got the Dissertation on Hot Doom
 29795 | Elf:3    | Identified the +2 scale mail of Responsibility {Int+4
                  | Dex+3}
 29848 | Elf:3    | Identified the staff of Elunotuf {rF+ Str-4 SInv Tloc Fire
                  | Alchemy}
 30563 | Vaults:1 | Entered Level 1 of the Vaults
 31375 | Vaults:1 | Lost mutation: You have claws for feet. [Jiyva's grace]
 31375 | Vaults:1 | Lost mutation: You are somewhat resistant to both further
                  | mutation and mutation removal. [Jiyva's grace]
 31375 | Vaults:1 | Lost mutation: You are somewhat resistant to further
                  | mutation. [Jiyva's grace]
 31375 | Vaults:1 | Lost mutation: Your muscles are strong. (Str +4, Int/Dex
                  | -1) [Jiyva's grace]
 31375 | Vaults:1 | Gained mutation: Your melee attacks may engulf your foes in
                  | ooze. [Jiyva's grace]
 31375 | Vaults:1 | Gained mutation: Your body is covered in eyes which may
                  | confuse attackers. (Acc +7, SInv) [Jiyva's grace]
 31375 | Vaults:1 | Gained mutation: You have a pair of small horns on your
                  | head. [Jiyva's grace]
 31375 | Vaults:1 | Gained mutation: You have a pair of horns on your head.
                  | [Jiyva's grace]
 31877 | Vaults:2 | Noticed Boris
 31885 | Vaults:2 | Killed Boris
 31895 | Vaults:2 | Reached skill level 15 in Fighting
 32021 | Vaults:2 | Noticed Sojobo
 32034 | Vaults:2 | Killed Sojobo
 32714 | Vaults:3 | Found a flickering gateway to a bazaar.
 32725 | Bazaar   | Entered a bazaar
 32725 | Bazaar   | Found Ataegynips's Antique Armour Emporium.
 32725 | Bazaar   | Found Raluroh's Magic Scroll Shoppe.
 32725 | Bazaar   | Found Tarun's General Store.
 32725 | Bazaar   | Found Eboozaoqock's Weapon Emporium.
 32725 | Bazaar   | Found Huerholo's Distillery.
 32747 | Bazaar   | Bought a potion of heal wounds for 55 gold pieces
 32747 | Bazaar   | Bought a potion of mutation for 88 gold pieces
 32749 | Bazaar   | Bought a scroll of fear for 56 gold pieces
 32749 | Bazaar   | Bought a scroll of teleportation for 42 gold pieces
 32755 | Bazaar   | Bought a scroll of teleportation for 48 gold pieces
 32755 | Bazaar   | Bought a scroll of blinking for 120 gold pieces
 32800 | Vaults:3 | Found a staircase to the Crypt.
 32807 | Vaults:3 | Noticed Boris
 32810 | Vaults:3 | Reached XP level 21. HP: 205/219 MP: 20/20
 32814 | Vaults:3 | Killed Boris
 32930 | Vaults:3 | Noticed Margery
 32937 | Vaults:3 | Killed Margery
 33016 | Vaults:3 | Lost mutation: You have a pair of horns on your head.
                  | [Jiyva's grace]
 33016 | Vaults:3 | Lost mutation: You are resistant to electric shocks.
                  | (rElec) [Jiyva's grace]
 33016 | Vaults:3 | Lost mutation: Your body is covered in eyes which may
                  | confuse attackers. (Acc +7, SInv) [Jiyva's grace]
 33016 | Vaults:3 | Lost mutation: Your body has grown many eyes which may
                  | confuse attackers. (Acc +5) [Jiyva's grace]
 33016 | Vaults:3 | Gained mutation: You are somewhat resistant to further
                  | mutation. [Jiyva's grace]
 33016 | Vaults:3 | Gained mutation: You are somewhat resistant to both further
                  | mutation and mutation removal. [Jiyva's grace]
 33016 | Vaults:3 | Gained mutation: You are almost entirely resistant to
                  | further mutation and mutation removal. [Jiyva's grace]
 33016 | Vaults:3 | Gained mutation: Your rubbery body absorbs attacks. (AC +1,
                  | EV +1) [Jiyva's grace]
 33276 | Vaults:3 | Identified the +11 shortbow "Diypp" {antimagic, rCorr SInv}
 33873 | Vaults:4 | Noticed Xtahua
 33885 | Vaults:4 | Killed Xtahua
 33917 | Vaults:4 | Identified the +2 great sword "Ulyebb" {drain, rElec rCorr
                  | Dex+3}
 34352 | Vaults:4 | Lost mutation: You have razor-sharp toenails. [Jiyva's
                  | grace]
 34352 | Vaults:4 | Lost mutation: Your flesh is heat resistant. (rF+) [Jiyva's
                  | grace]
 34352 | Vaults:4 | Lost mutation: You have acidic saliva. [Jiyva's grace]
 34352 | Vaults:4 | Gained mutation: You are robust. (+10% HP) [Jiyva's grace]
 34352 | Vaults:4 | Gained mutation: You are very robust. (+20% HP) [Jiyva's
                  | grace]
 34352 | Vaults:4 | Gained mutation: You are extremely robust. (+30% HP)
                  | [Jiyva's grace]
 34352 | Vaults:4 | Gained mutation: Your pliable body absorbs attacks. (AC +2,
                  | EV +2) [Jiyva's grace]
 35334 | D:5      | Bought a potion of curing for 45 gold pieces
 35334 | D:5      | Bought 2 potions of curing for 90 gold pieces
 35536 | Orc:2    | Bought a talisman of death for 1040 gold pieces
 35879 | Crypt:1  | Entered Level 1 of the Crypt
 36035 | Crypt:1  | Identified the +1 robe of Decompression {Int+3 Dex+3
                  | Slay+2}
 37102 | Crypt:2  | Reached XP level 22. HP: 264/301 MP: 21/21
 37607 | Crypt:3  | Entered Level 3 of the Crypt
 37907 | Crypt:3  | Identified the +1 halberd of Jexej {heavy, rPois Int+2}
 37979 | Crypt:3  | Found a staircase to the Tomb.
 38144 | Crypt:3  | Identified the ring "Egich" {rN+ MP+9 Dex+5}
 38144 | Crypt:3  | Identified the ring "Soebla" {^Contam rF+ rN+ Stlth+}
 38144 | Crypt:3  | Identified the ring of the Intense Tomato {rN+ Str+7}
 38149 | Crypt:3  | Identified the staff of Brutal Revenge {Fly rElec rN+ Int-5
                  | Necro Earth}
 38271 | Crypt:3  | Identified the ring of Fun {rC+ MP+9}
 38515 | Crypt:3  | Got the Tome of Leadership and Coordinates
 38616 | Crypt:3  | Found an ancient bone altar of Kikubaaqudgha.
 38664 | Crypt:3  | Identified the +6 long sword "Sehukoedgh" {vamp, Int+6
                  | Dex+4}
 38673 | Crypt:3  | Noticed a dread lich
 38679 | Crypt:3  | Killed a dread lich
 39289 | Tomb:1   | Entered Level 1 of the Tomb of the Ancients
 39419 | Tomb:1   | Noticed a royal mummy
 39443 | Tomb:1   | Killed a royal mummy
 39467 | Tomb:1   | Noticed a royal mummy
 39470 | Tomb:1   | Noticed a royal mummy
 39471 | Tomb:1   | Noticed a royal mummy
 39473 | Tomb:1   | Noticed a royal mummy
 39475 | Tomb:1   | Noticed a royal mummy
 39543 | Tomb:1   | Noticed a royal mummy
 39572 | Tomb:1   | Killed a royal mummy
 39582 | Tomb:1   | HP: 12/287 [ushabti/dispel undead (13)]
 39591 | Tomb:1   | Noticed a royal mummy
 39600 | Tomb:1   | Lost mutation: You have a pair of small horns on your head.
                  | [Jiyva's grace]
 39600 | Tomb:1   | Lost mutation: You have sharp toenails. [Jiyva's grace]
 39600 | Tomb:1   | Lost mutation: You are almost entirely resistant to further
                  | mutation and mutation removal. [Jiyva's grace]
 39600 | Tomb:1   | Lost mutation: You are extremely robust. (+30% HP) [Jiyva's
                  | grace]
 39600 | Tomb:1   | Gained mutation: You are partially covered in large bone
                  | plates. (SH +4) [Jiyva's grace]
 39600 | Tomb:1   | Gained mutation: You are mostly covered in large bone
                  | plates. (SH +6) [Jiyva's grace]
 39600 | Tomb:1   | Gained mutation: You are completely covered in large bone
                  | plates. (SH +8) [Jiyva's grace]
 39600 | Tomb:1   | Gained mutation: You have a somewhat thin skeletal
                  | structure. (Dex +2, Stealth+) [Jiyva's grace]
 39664 | Tomb:1   | Killed a royal mummy
 39788 | Tomb:1   | Killed a royal mummy
 40249 | Depths:1 | Entered Level 1 of the Depths
 40249 | Depths:1 | Found a one-way gate to the infinite horrors of the Abyss.
 40271 | Depths:1 | Acquired 599 gold pieces
 40406 | Depths:1 | Identified the +6 war axe of Weroomp {elec, rElec Stlth+}
 40442 | Depths:1 | Found a one-way gate leading to the halls of Pandemonium.
 40454 | Depths:1 | Found a gateway to Hell.
 40986 | Depths:2 | Paralysed by a vampire knight for 4 turns
 41154 | Depths:2 | Found a runed translucent door.
 41155 | Depths:2 | Noticed Himmaryad's ghost (adept TrMo)
 41408 | Depths:2 | Found an opulent altar of Gozag.
 41414 | Depths:2 | Reached XP level 23. HP: 291/291 MP: 22/22
 41433 | Depths:2 | Found Gozag's Platinum Reserve.
 42051 | Depths:2 | Killed Himmaryad's ghost
 42199 | Depths:3 | Noticed a caustic shrike
 42203 | Depths:3 | Killed a caustic shrike
 42231 | Depths:3 | Noticed a caustic shrike
 42242 | Depths:3 | Killed a caustic shrike
 42278 | Depths:3 | Lost mutation: You are completely covered in large bone
                  | plates. (SH +8) [Jiyva's grace]
 42278 | Depths:3 | Lost mutation: You are mostly covered in large bone plates.
                  | (SH +6) [Jiyva's grace]
 42278 | Depths:3 | Lost mutation: You have a somewhat thin skeletal structure.
                  | (Dex +2, Stealth+) [Jiyva's grace]
 42278 | Depths:3 | Gained mutation: You are almost entirely resistant to
                  | further mutation and mutation removal. [Jiyva's grace]
 42278 | Depths:3 | Gained mutation: You have sharp toenails. [Jiyva's grace]
 42278 | Depths:3 | Gained mutation: You have razor-sharp toenails. [Jiyva's
                  | grace]
 42278 | Depths:3 | Gained mutation: You have claws for feet. [Jiyva's grace]
 42517 | Depths:3 | Found a one-way gateway to a ziggurat.
 42699 | Depths:3 | Noticed the Enchantress
 42724 | Depths:3 | Killed the Enchantress
 42840 | Depths:3 | Noticed Mara
 42842 | Depths:3 | Noticed bearlyready's illusion
 42845 | Depths:3 | Killed Mara
 42987 | Depths:3 | Found Vyikischu's General Store.
 43124 | Depths:4 | Entered Level 4 of the Depths
 43518 | Depths:4 | Reached XP level 24. HP: 307/307 MP: 22/22
 43524 | Depths:4 | Lost mutation: You are almost entirely resistant to further
                  | mutation and mutation removal. [Jiyva's grace]
 43524 | Depths:4 | Gained mutation: You expend magic power (3 MP) to
                  | strengthen your wands. [Jiyva's grace]
 43524 | Depths:4 | Gained mutation: You are mostly covered in large bone
                  | plates. (SH +6) [Jiyva's grace]
 43524 | Depths:4 | Gained mutation: You are completely covered in large bone
                  | plates. (SH +8) [Jiyva's grace]
 43524 | Depths:4 | Gained mutation: Your gelatinous body deflects attacks. (AC
                  | +3, EV +3) [Jiyva's grace]
 43524 | Depths:4 | Found a gate to the Realm of Zot.
 44331 | Vaults:5 | Entered Level 5 of the Vaults
 44380 | Vaults:4 | Reached skill level 10 in Dodging
 44587 | Vaults:5 | Noticed a dread lich
 44622 | Vaults:4 | Paralysed by something for 4 turns
 44772 | Vaults:4 | Killed a dread lich
 44775 | Vaults:5 | Noticed an ancient lich
 44850 | Vaults:4 | Killed an ancient lich
 45212 | Vaults:5 | Found Diha's Antique Armour Shoppe.
 45222 | Vaults:5 | Found Sauzaceh's Distillery.
 45243 | Vaults:5 | Bought 2 potions of haste for 260 gold pieces
 45243 | Vaults:5 | Bought a potion of experience for 650 gold pieces
 45243 | Vaults:5 | Reached XP level 25. HP: 320/320 MP: 22/22
 45377 | Vaults:5 | Noticed an ancient lich
 45381 | Vaults:5 | Killed an ancient lich
 45422 | Vaults:5 | Identified the +9 hand axe "Sedust" {drain, *Noise Will+
                  | Int+3}
 45544 | Vaults:5 | Identified the +0 leather armour "Xoiloat" {+Inv}
 45639 | Vaults:5 | Reached XP level 26. HP: 331/331 MP: 22/22
 45863 | Vaults:5 | Got a silver rune of Zot
 46342 | Hell     | Entered the Vestibule of Hell
 46342 | Hell     | Noticed Geryon
 46359 | Hell     | Killed Geryon
 46451 | Hell     | Found a gateway to the Iron City of Dis.
 46531 | Hell     | Reached skill level 10 in Armour
 46545 | Hell     | Found a gateway to the ashen valley of Gehenna.
 46674 | Hell     | Found a gateway to the decaying netherworld of Tartarus.
 46779 | Hell     | Found a gateway to the freezing wastes of Cocytus.
 46816 | Tar:1    | Entered Level 1 of Tartarus
 46848 | Tar:1    | Reached skill level 27 in Unarmed Combat
 46874 | Tar:1    | Lost mutation: You are completely covered in large bone
                  | plates. (SH +8) [Jiyva's grace]
 46874 | Tar:1    | Lost mutation: You are somewhat resistant to both further
                  | mutation and mutation removal. [Jiyva's grace]
 46874 | Tar:1    | Lost mutation: You have a small jelly attached to you that
                  | senses nearby items. [Jiyva's grace]
 46874 | Tar:1    | Gained mutation: You are agile. (Dex +4, Str/Int -1)
                  | [Jiyva's grace]
 46874 | Tar:1    | Gained mutation: You are very agile. (Dex +8, Str/Int -2)
                  | [Jiyva's grace]
 46874 | Tar:1    | Gained mutation: Your translucent skin slightly reduces
                  | your foes' accuracy. (Stealth+) [Jiyva's grace]
 46874 | Tar:1    | Gained mutation: Your translucent skin reduces your foes'
                  | accuracy. (Stealth+) [Jiyva's grace]
 47059 | Tar:2    | Noticed a dread lich
 47071 | Tar:2    | Killed a dread lich
 47809 | Tar:7    | Entered Level 7 of Tartarus
 47834 | Tar:7    | Reached XP level 27. HP: 303/343 MP: 22/22
 49140 | Tar:7    | Noticed Ereshkigal
 49158 | Tar:7    | Killed Ereshkigal
 49182 | Tar:7    | Got a bone rune of Zot
 49478 | Coc:1    | Entered Level 1 of Cocytus
 49486 | Coc:1    | Noticed an ancient lich
 49511 | Coc:1    | Killed an ancient lich
 49622 | Pan      | Entered Pandemonium
 49672 | Pan      | Noticed Fepem the pandemonium lord
 49681 | Pan      | Reached skill level 27 in Shapeshifting
 49697 | Pan      | Killed Fepem the pandemonium lord
 49749 | Pan      | Found a runed translucent door.
 49757 | Pan      | Got a demonic rune of Zot
 49912 | Pan      | Lost mutation: You have claws for feet. [Jiyva's grace]
 49912 | Pan      | Lost mutation: Your system is resistant to poisons. (rPois)
                  | [Jiyva's grace]
 49912 | Pan      | Lost mutation: Your gelatinous body deflects attacks. (AC
                  | +3, EV +3) [Jiyva's grace]
 49912 | Pan      | Gained mutation: Your flesh is heat resistant. (rF+)
                  | [Jiyva's grace]
 49912 | Pan      | Gained mutation: Your flesh is very heat resistant. (rF++)
                  | [Jiyva's grace]
 49912 | Pan      | Gained mutation: Your flesh is almost immune to the effects
                  | of heat. (rF+++) [Jiyva's grace]
 49912 | Pan      | Gained mutation: You are covered in thick fur. (AC +2)
                  | [Jiyva's grace]
 50041 | Pan      | Identified the +9 short sword of Hurting Terror {drain,
                  | *Corrode MP+9 Int+4 Dex+7}
 50143 | Pan      | Noticed Gogo the pandemonium lord
 50151 | Pan      | Killed Gogo the pandemonium lord
 50155 | Pan      | Identified the +0 robe "Uckiju" {Fly rF- Str+2}
 50349 | Depths:1 | Escaped Pandemonium
 50351 | Pan      | Entered Pandemonium
 50374 | Pan      | Found an exit through the horrors of the Abyss.
 50594 | Pan      | Identified the +1 robe of Salvation {Int+2}
 50659 | Pan      | Noticed Abeotack the pandemonium lord
 50664 | Pan      | Killed Abeotack the pandemonium lord
 50824 | Pan      | Noticed Nuoquiq the pandemonium lord
 50830 | Pan      | Killed Nuoquiq the pandemonium lord
 51022 | Pan      | Found a runed translucent door.
 51065 | Pan      | Found a runed translucent door.
 51067 | Pan      | Found a runed translucent door.
 51069 | Pan      | Noticed Zyepnen the pandemonium lord
 51070 | Pan      | Found a runed translucent door.
 51074 | Pan      | Killed Zyepnen the pandemonium lord
 51120 | Pan      | Got the Verses on Momentum
 51163 | Pan      | Lost mutation: You have razor-sharp toenails. [Jiyva's
                  | grace]
 51163 | Pan      | Lost mutation: You have sharp toenails. [Jiyva's grace]
 51163 | Pan      | Lost mutation: You are partially covered in iridescent
                  | scales. (AC +2) [Jiyva's grace]
 51163 | Pan      | Lost mutation: You are mostly covered in large bone plates.
                  | (SH +6) [Jiyva's grace]
 51163 | Pan      | Lost mutation: You are partially covered in large bone
                  | plates. (SH +4) [Jiyva's grace]
 51163 | Pan      | Lost mutation: You are very agile. (Dex +8, Str/Int -2)
                  | [Jiyva's grace]
 51163 | Pan      | Lost mutation: You are agile. (Dex +4, Str/Int -1) [Jiyva's
                  | grace]
 51163 | Pan      | Lost mutation: Your pliable body absorbs attacks. (AC +2,
                  | EV +2) [Jiyva's grace]
 51163 | Pan      | Gained mutation: You have acidic saliva. [Jiyva's grace]
 51163 | Pan      | Gained mutation: Your pliable body absorbs attacks. (AC +2,
                  | EV +2) [Jiyva's grace]
 51163 | Pan      | Gained mutation: Your gelatinous body deflects attacks. (AC
                  | +3, EV +3) [Jiyva's grace]
 51163 | Pan      | Gained mutation: Your transparent skin significantly
                  | reduces your foes' accuracy. (Stealth+) [Jiyva's grace]
 51265 | Pan      | Noticed Dygaeh the pandemonium lord
 51276 | Pan      | Killed Dygaeh the pandemonium lord
 51855 | Pan      | Entered the realm of Mnoleg.
 52218 | Pan      | Gained mutation: Your body sometimes deteriorates upon
                  | taking damage. [a neqoxec]
 52371 | Pan      | Noticed Mnoleg
 52573 | Pan      | Killed Mnoleg
 52615 | Pan      | Got a glowing rune of Zot
 52749 | Pan      | Lost mutation: Your body sometimes deteriorates upon taking
                  | damage. [Jiyva's grace]
 52749 | Pan      | Lost mutation: You are very robust. (+20% HP) [Jiyva's
                  | grace]
 52749 | Pan      | Lost mutation: You have acidic saliva. [Jiyva's grace]
 52749 | Pan      | Lost mutation: Your transparent skin significantly reduces
                  | your foes' accuracy. (Stealth+) [Jiyva's grace]
 52749 | Pan      | Lost mutation: Your translucent skin reduces your foes'
                  | accuracy. (Stealth+) [Jiyva's grace]
 52749 | Pan      | Lost mutation: You expend magic power (3 MP) to strengthen
                  | your wands. [Jiyva's grace]
 52749 | Pan      | Gained mutation: You expend magic power (3 MP) to
                  | strengthen your wands. [Jiyva's grace]
 52749 | Pan      | Gained mutation: You passively map a small area around you.
                  | [Jiyva's grace]
 52749 | Pan      | Gained mutation: You passively map the area around you.
                  | [Jiyva's grace]
 52749 | Pan      | Gained mutation: You passively map a large area around you.
                  | [Jiyva's grace]
 52801 | Pan      | Noticed Hauw the pandemonium lord
 52818 | Pan      | Gained mutation: You occasionally lose the ability to read
                  | scrolls when taking damage. [a cacodemon]
 52820 | Pan      | Killed Hauw the pandemonium lord
 53065 | Pan      | Noticed Ignacio
 53070 | Pan      | Killed Ignacio
 53292 | Pan      | Noticed Hec Tustuali the pandemonium lord
 53311 | Pan      | Killed Hec Tustuali the pandemonium lord
 53888 | Pan      | Noticed Abrinam the pandemonium lord
 53888 | Pan      | Lost mutation: Your translucent skin slightly reduces your
                  | foes' accuracy. (Stealth+) [a neqoxec]
 53892 | Pan      | Killed Abrinam the pandemonium lord
 54100 | Pan      | Entered the realm of Gloorx Vloq.
 54100 | Pan      | Noticed Gloorx Vloq
 54117 | Pan      | Killed Gloorx Vloq
 54211 | Pan      | Found an exit through the horrors of the Abyss.
 54352 | Pan      | Got a dark rune of Zot
 54506 | Pan      | Gained mutation: You have a pair of small antennae on your
                  | head. [Jiyva's grace]
 54506 | Pan      | Gained mutation: You have a pair of antennae on your head.
                  | [Jiyva's grace]
 54506 | Pan      | Gained mutation: You have a pair of large antennae on your
                  | head. (SInv) [Jiyva's grace]
 54506 | Pan      | Gained mutation: You are covered in slimy tendrils that may
                  | disarm your opponents. [Jiyva's grace]
 54566 | Pan      | Noticed Ulaxkisa the pandemonium lord
 54578 | Pan      | Killed Ulaxkisa the pandemonium lord
 54797 | Pan      | Identified the +8 hand axe of Oniy {freeze, Str+2}
 54860 | Pan      | Entered the realm of Cerebov.
 54914 | Pan      | Reached skill level 15 in Dodging
 55160 | Pan      | Identified the +4 scimitar of Innocence {flame, rPois
                  | Int+3}
 55219 | Pan      | Identified the +7 flail of the Inquisitive Ships {protect,
                  | Dex+4 SInv}
 55242 | Pan      | Got Cigotuvi's Papyrus of the Venomous Cemetery
 55245 | Pan      | Got the Meditations on the Bloody Storm
 55262 | Pan      | Found the +6 sword of Cerebov {flame}
 55262 | Pan      | Noticed Cerebov
 55277 | Pan      | Killed Cerebov
 55295 | Pan      | Got a fiery rune of Zot
 55335 | Pan      | Identified the +9 orcbow "Saihum" {flame, Fly Will+}
 55415 | Pan      | Noticed Doxat the pandemonium lord
 55422 | Pan      | Killed Doxat the pandemonium lord
 56061 | Pan      | Reached skill level 5 in Evocations
 56180 | Pan      | Lost mutation: Your flesh is almost immune to the effects
                  | of heat. (rF+++) [Jiyva's grace]
 56180 | Pan      | Lost mutation: You passively map a large area around you.
                  | [Jiyva's grace]
 56180 | Pan      | Lost mutation: Your gelatinous body deflects attacks. (AC
                  | +3, EV +3) [Jiyva's grace]
 56180 | Pan      | Lost mutation: You are covered in slimy tendrils that may
                  | disarm your opponents. [Jiyva's grace]
 56180 | Pan      | Lost mutation: You occasionally lose the ability to read
                  | scrolls when taking damage. [Jiyva's grace]
 56180 | Pan      | Gained mutation: You are agile. (Dex +4, Str/Int -1)
                  | [Jiyva's grace]
 56180 | Pan      | Gained mutation: You are very agile. (Dex +8, Str/Int -2)
                  | [Jiyva's grace]
 56180 | Pan      | Gained mutation: You have large cloven feet. [Jiyva's
                  | grace]
 56180 | Pan      | Gained mutation: You have hoof-like feet. [Jiyva's grace]
 56270 | Pan      | Noticed Cezangun the pandemonium lord
 56277 | Pan      | Killed Cezangun the pandemonium lord
 56312 | Pan      | Identified the staff "Xuem" {rElec rC+ Dex+6 Stlth- Ice}
 56344 | Pan      | Found an exit through the horrors of the Abyss.
 56412 | Pan      | Entered the realm of Lom Lobon.
 56412 | Pan      | Found an exit through the horrors of the Abyss.
 56727 | Pan      | Reached skill level 1 in Spellcasting
 56729 | Pan      | Noticed Lom Lobon
 56734 | Pan      | Paralysed by a fenstrider witch for 3 turns
 56749 | Pan      | Killed Lom Lobon
 56815 | Pan      | Got a magical rune of Zot
 56964 | Pan      | Found Gizatz's Assorted Sundries.
 56966 | Pan      | Found an opulent altar of Gozag.
 56978 | Pan      | Found Gizatz's Book Boutique.
 57013 | Pan      | Found an opulent altar of Gozag.
 57033 | Pan      | Found Gizatz's Infernal Boutique.
 57035 | Pan      | Noticed Jikus the pandemonium lord
 57039 | Pan      | Killed Jikus the pandemonium lord
 57040 | Pan      | Noticed a dread lich
 57041 | Pan      | Found an opulent altar of Gozag.
 57047 | Pan      | Killed a dread lich
 57054 | Pan      | Found Gizatz's Rarities Bin.
 57186 | Depths:1 | Escaped Pandemonium
 57223 | Geh:1    | Entered Level 1 of Gehenna
 57477 | Geh:2    | Lost mutation: You have a pair of large antennae on your
                  | head. (SInv) [Jiyva's grace]
 57477 | Geh:2    | Lost mutation: Your pliable body absorbs attacks. (AC +2,
                  | EV +2) [Jiyva's grace]
 57477 | Geh:2    | Lost mutation: You are somewhat resistant to further
                  | mutation. [Jiyva's grace]
 57477 | Geh:2    | Gained mutation: You have hidden genetic potential.
                  | [Jiyva's grace]
 57477 | Geh:2    | Gained mutation: You have great hidden genetic potential.
                  | [Jiyva's grace]
 57477 | Geh:2    | Gained mutation: Your pliable body absorbs attacks. (AC +2,
                  | EV +2) [Jiyva's grace]
 57477 | Geh:2    | Gained mutation: Your gelatinous body deflects attacks. (AC
                  | +3, EV +3) [Jiyva's grace]
 57506 | Geh:2    | Reached skill level 5 in Spellcasting
 58010 | Geh:7    | Entered Level 7 of Gehenna
 58409 | Geh:7    | Reached skill level 27 in Fighting
 58492 | Geh:7    | Identified the staff of Brawling {rN+ Dex+4 Necro}
 58560 | Geh:7    | Identified the +4 flail of Ublud {drain, rF+}
 58635 | Geh:7    | Identified the +5 longbow "Meadutz" {heavy, ^Fragile rC+++
                  | Dex-2 SInv}
 58683 | Geh:7    | Found the +13 sceptre of Asmodeus
 58683 | Geh:7    | Noticed Asmodeus
 58699 | Geh:7    | Killed Asmodeus
 58714 | Geh:7    | Got an obsidian rune of Zot
 58892 | Dis:1    | Entered Level 1 of the Iron City of Dis
 58916 | Dis:2    | Noticed an ancient lich
 58916 | Dis:2    | Lost intelligence.
 58928 | Dis:2    | Killed an ancient lich
 58934 | Dis:2    | HP: 8/431 [ancient champion/+3 heavy great sword (27)]
 58934 | Dis:2    | HP: 1/431 [crystal echidna (7)]
 58934 | Dis:2    | Mangled by an ancient champion

Illustrated notes

Levels and vault maps discovered:
D:1:      lightli_arrival_lavapool, layout_loops_ring, basic_ecumenical_altar,
          minmay_misc_feat_ornament
D:2:      layout_loops_cross, basic_altar
D:3:      layout_basic, uniq_grinder
D:4:      layout_loops_corners, gammafunk_ghost_arena, serial_shops,
          nicolae_shop_gibbet_a_chance
D:5:      layout_cave_pools, mainiacjoe_overflow_catwalk_spiral,
          nicolae_wooded_promenade, minmay_manual_mandibuliform, uniq_menkaure
D:6:      layout_rooms, uniq_blork_the_orc
D:7:      corexii_shantytown, layout_basic, temple_green
D:8:      layout_loops_ring, lemuel_coloured_pillars_altar
D:9:      layout_irregular_city, dpeg_oklobed_lair, kennysheep_generic_room_3
D:10:     layout_basic, nzn_hepliaklqana_mist_gate, gammafunk_ghost_split,
          minivault_23, uniq_urug
D:11:     layout_loops_corners, david_orc_3, ebering_ghost_reflecting_pool,
          portal_ice_cave_entry_ice_simulacra
D:12:     layout_basic, nicolae_trove_entry_isolated, minmay_rotating_lava
D:13:     layout_irregular_city, grunt_vaults_entry_tiered,
          palyth_stone_intersect, uniq_snorg, uniq_rupert
D:14:     layout_basic, small_statue_alley_a
D:15:     hangedman_spin_cycle
Lair:1:   layout_long_grid, nicolae_lair_lil_pond, dpeg_stationary_puzzle,
          uniq_nergalle
Lair:2:   layout_roguey [special_room_bee], nicolae_snake_entry_squirm,
          enter_volcano_2, gammafunk_ghost_split, minmay_shattered_shrine,
          serial_bayou_shore_a
Lair:3:   layout_regular_city, alex1729_swamp_entry_worm_eleionoma
Lair:4:   layout_roguey, hellmonk_ghost_happy_afterlife
Lair:5:   hangedman_lair_tendril_chambers, layout_regular_city,
          guppyfry_lair_end_dragon, minmay_slime_entry_jelly_boxes,
          chequers_serial_rivers_large_b, uniq_josephine
Swamp:1:  layout_basic_swamp, hangedman_swamp_ruin_wall, uniq_kirke
Swamp:2:  layout_falls_marsh, wheals_swamp_sinkhole, infiniplex_staircase_pool,
          nicolae_swamp_long_stream
Swamp:3:  layout_basic_swamp, serial_swamp_ruin, evilmike_swamp_ruin_house_1,
          evilmike_swamp_ruin_house_3, swamp_pool_3, nicolae_swamp_godswood,
          beargit_kiku_chapel, uniq_nikola
Swamp:4:  swamp_icy, layout_basic_swamp, swamp_pool_1_2
Snake:1:  layout_grid_shapes, serial_shops, shop, grunt_ministairs_12,
          nicolae_snake_slithery_hallway
Snake:2:  layout_cave_town, grunt_megastairs_3, uniq_vashnia
Snake:3:  cheibrodos_toxic_ritual, layout_honeycomb, uniq_mlioglotl
Snake:4:  snake_pit, layout_cave_town, serial_shops, shop, uniq_aizul
Slime:1:  layout_caves
Slime:2:  layout_caves, nicolae_slime_barrier, nicolae_slime_phagocytosis
Slime:3:  layout_caves, basic_altar, nicolae_slime_getting_an_eyeful
Slime:4:  layout_caves
Slime:5:  slime_pit_nicolae_amoeboid
Orc:1:    layout_diamond_mine, special_room [special_room_orc],
          nicolae_shop_clearance
Orc:2:    st_orc_elflike, layout_caves, uniq_sonja
Elf:1:    layout_loops_corners, serial_shops, shop, hangedman_elf_disciples,
          minmay_shop_grove
Elf:2:    nicolae_elf_blades_crystal_corner, layout_geoelf_diagonals,
          uniq_zenata
Elf:3:    nooodl_elf_gasket, layout_gridlike, minmay_misc_feat_diagonals,
          nicolae_elf_glass_and_crystal_pillar_2, grunt_megastairs_4
Vaults:1: nicolae_vaults_storage_room_doors, nicolae_vaults_mitosis,
          grunt_vaults_focal, nicolae_vaults_heist, v_misc_4,
          grunt_vaults_funnel, dpeg_vaults_monster_box, layout_vaults_omnigrid,
          serial_shops
Vaults:2: nicolae_vaults_closet_pinwheel_4, vaults_dpeg_spiral,
          ontoclasm_vaults_decontamination, v_misc_14,
          grunt_vaults_hallway_long, st_lines, hangedman_vaults_nails,
          serial_library_hellmonk_big_corner, vaults_dpeg_ring,
          nicolae_vaults_windows_and_doors_thing, nicolae_vaults_tetromino_T_2,
          nicolae_vaults_doubleplus_tesselated, v_misc_18, v_rooms_2,
          nicolae_vaults_trapezoid_4, layout_vaults_omnibox, uniq_boris,
          uniq_sojobo
Vaults:3: minmay_crypt_entry_simple_corners, nicolae_vaults_trapezoid_3,
          vaults_dpeg_encased_lava, nicolae_vaults_shipping_containers_4,
          v_misc_18, nicolae_vaults_closet_pinwheel_6, v_alt_pattern_5,
          ontoclasm_vaults_bender, nicolae_vaults_heart-shaped_vault,
          nicolae_vaults_surprise_closet, nicolae_vaults_ring_of_whatevers,
          nicolae_vaults_apartment_1, nicolae_vaults_tetromino_Z_2,
          nicolae_vaults_heart-shaped_vault, nicolae_vaults_little_squares_2,
          nicolae_vaults_gold_heap, layout_vaults_omnicross, serial_shops,
          bzr_entry_road, uniq_margery
Vaults:4: v_misc_4, nicolae_vaults_double_plus_1, vaults_mumra_hex,
          nicolae_vaults_trapezoid_1, nicolae_vaults_trapezoid_layered,
          hangedman_vaults_capsules, nicolae_vaults_offset_grid_hallway_1,
          nicolae_vaults_angled_halls, nicolae_vaults_yaktaur_gun_rack,
          vaults_room_hallway, nicolae_vaults_tangram_2, serial_ice_b,
          layout_vaults_chaotic_city, uniq_xtahua
Vaults:5
Crypt:1:  layout_catacombs
Crypt:2:  layout_misc_corridors, grunt_megastairs_5, lemuel_upstairs_altar
Crypt:3:  quadcrypt_mu
Tomb:1
Depths:1: layout_basic, abyss_entry, kennysheep_cluttered_room,
          lightli_too_deep, pan_entry, lemuel_nasty_fountain,
          roderic_lattice_octagonal_star
Depths:2: evilmike_pillar_path, layout_long_grid, ebering_ghost_inner_flame,
          nicolae_gozag_zags_fifth_avenue, hellmouth_1, grunt_pan_entry_spiral
Depths:3: minmay_the_grid_square_5x5_5x5
          [minmay_the_grid_square_5x5_eight_small,
          minmay_the_grid_square_5x5_shuriken, minmay_the_grid_square_5x5_six,
          minmay_the_grid_square_5x5_shrine2,
          minmay_the_grid_square_5x5_dogpile, minmay_the_grid_square_5x5_c,
          minmay_the_grid_square_5x5_prize_itemx,
          minmay_the_grid_square_5x5_n_small,
          minmay_the_grid_square_5x5_prize_deathbox,
          minmay_the_grid_square_5x5_three_small,
          minmay_the_grid_square_5x5_minimal,
          minmay_the_grid_square_5x5_intrusive_squares,
          minmay_the_grid_square_5x5_prize_monsterx,
          minmay_the_grid_square_5x5_spiral_small,
          minmay_the_grid_square_5x5_corner, minmay_the_grid_square_5x5_mess,
          minmay_the_grid_square_5x5_prize_waves,
          minmay_the_grid_square_5x5_two_walls_b,
          minmay_the_grid_square_5x5_prize_snowflake,
          minmay_the_grid_square_5x5_one_wall, minmay_the_grid_square_5x5_tie,
          minmay_the_grid_square_5x5_minibox,
          minmay_the_grid_square_5x5_two_small,
          minmay_the_grid_square_5x5_empty,
          minmay_the_grid_square_5x5_checkered], layout_gridlike,
          enter_ziggurat_d, grunt_hell_entry_dis_grunt,
          abyss_entry_small_statue_room, serial_shops, shop, fountainhead,
          infiniplex_staircase_zigzag_5, uniq_enchantress, uniq_mara
Depths:4: grunt_zot_entry_tricorne, layout_basic, serial_bayou,
          serial_bayou_pond_d, serial_bayou_ford_a, serial_bayou_lagoon_a,
          serial_bayou_lake_a, pf_coc_iceberg, st_stairs_10
Hell
Dis:1:    layout_subdivisions
Dis:2:    layout_regular_city, nicolae_dis_metal_lava_thing
Geh:1:    layout_gehenna_lava_caves
Geh:2:    nicolae_geh_erupted_tower, layout_gehenna_pools_basic
Geh:3:    layout_gehenna_pools_basic
Geh:4:    layout_gehenna_lava_caves
Geh:5:    layout_gehenna_pools_box, lemuel_flamethrower_2
Geh:6:    layout_gehenna_pools_box
Geh:7:    geh_grunt
Coc:1:    layout_ice_bergs
Coc:2:    layout_ice_bergs
Tar:1:    layout_honeycomb
Tar:2:    layout_catacombs, nicolae_tar_four_comb_rooms
Tar:3:    layout_grid_maze
Tar:4:    layout_grid_maze
Tar:5:    layout_catacombs, nicolae_tar_stay_or_leave
Tar:6:    layout_catacombs
Tar:7:    tar_mu [tar_mu_maze]

Skill      XL: |  1  2  3  4  5  6  7  8  9 10 11 12 13 14 15 16 17 18 19 20 21 22 23 24 25 26 27 |
---------------+----------------------------------------------------------------------------------+-----
Fighting       | 1 2 3 4 6 7 9 11 12 13 14 15 16 17 18 20 27 | 27.0
Unarmed Combat | 4 5 6 8 10 12 13 14 15 16 17 18 19 20 21 22 23 24 25 26 27 | 27.0
Shapeshifting  | 4 5 6 7 9 11 12 13 14 15 16 17 18 19 20 21 22 24 26 27 | 27.0
Throwing       | 3 4 |  4.0
Evocations     | 2 7 |  7.0
Dodging        | 4 6 9 12 15 | 15.5
Armour         | 1 4 5 7 9 10 14 | 14.5
Spellcasting   | 7 |  7.4

Action                     |  1- 3 |  4- 6 |  7- 9 | 10-12 | 13-15 | 16-18 | 19-21 | 22-24 | 25-27 || total
---------------------------+-------+-------+-------+-------+-------+-------+-------+-------+-------++-------
  Melee: Unarmed           |    80 |    77 |   228 |   412 |   888 |   931 |   995 |  1033 |  2209 ||  6853
         Punch             |       |     3 |     7 |    27 |    81 |    98 |   132 |   165 |   413 ||   926
         Headbutt          |       |       |       |    36 |   163 |       |   151 |    87 |       ||   437
         Kick              |       |       |       |       |   237 |   293 |   386 |   285 |   574 ||  1775
         Maw               |       |       |       |       |   132 |       |       |       |       ||   132
         Bite              |       |       |       |       |    58 |   116 |    99 |       |    29 ||   302
         Tailslap          |       |       |       |       |       |     3 |       |       |       ||     3
         Pseudopods        |       |       |       |       |       |    95 |       |       |       ||    95
  Throw: Stone             |       |     2 |       |     2 |       |       |       |       |       ||     4
         Boomerang         |       |       |       |       |       |       |       |    11 |    17 ||    28
 Invoke: Oozemancy         |       |       |       |       |     2 |       |       |       |       ||     2
Ability: Begin Untransform |       |       |       |       |     1 |       |       |       |       ||     1
         Blinkbolt         |       |       |       |       |       |       |       |     1 |       ||     1
  Evoke: Wand              |       |       |     1 |       |     5 |     8 |       |       |     1 ||    15
         Phantom mirror    |       |       |       |       |       |     2 |       |       |     1 ||     3
         Tin of tremorston |       |       |       |       |       |       |       |     2 |       ||     2
    Use: Potion            |       |     1 |       |     2 |     3 |    11 |     1 |     4 |     7 ||    29
         Scroll            |       |       |       |    10 |    21 |     5 |     2 |     7 |     7 ||    52
   Stab: Sleeping          |     1 |       |       |       |       |       |       |       |     5 ||     6
         Distracted        |       |       |       |       |     3 |       |     2 |     2 |     5 ||    12
         Invisible         |       |       |       |       |     4 |       |       |       |       ||     4
         Petrified         |       |       |       |       |       |     1 |       |       |       ||     1
         Confused          |       |       |       |       |       |     3 |     8 |    11 |    18 ||    40
 Armour: Animal skin       |    41 |    33 |   141 |       |       |       |       |       |       ||   215
         Skin              |       |    20 |       |       |   361 |    59 |       |  1275 |  2574 ||  4289
         Acid dragon scale |       |       |    60 |   280 |       |       |       |       |       ||   340
         Ice dragon scales |       |       |       |   123 |       |       |       |       |       ||   123
         Troll leather arm |       |       |       |    11 |   341 |       |       |       |       ||   352
         Pearl dragon scal |       |       |       |       |    93 |   955 |   838 |   323 |       ||  2209
  Dodge: Dodged            |    20 |    23 |   116 |   133 |   553 |   427 |   386 |   850 |  2233 ||  4741
  Block: Other             |       |       |       |       |       |       |       |   213 |   209 ||   422
   Form: Maw               |       |       |       |       |     2 |       |       |       |       ||     2
         Blade             |       |       |       |       |     2 |     1 |       |     1 |       ||     4
         Dragon            |       |       |       |       |       |     1 |       |       |       ||     1
         Death             |       |       |       |       |       |       |     1 |     2 |     1 ||     4
         Statue            |       |       |       |       |       |       |       |     4 |     1 ||     5
         Storm             |       |       |       |       |       |       |       |     1 |       ||     1
